Workbook
Name MesDates: 'Tableau struturé'!$A$3:$A$104
Name MesDates: #REF!

Sheet Tableau struturé
A1: SITUATION DU COMPTE
A2: Date | B2: Désignation de l’opération | C2: Débit | D2: Crédit | E2: Solde
A3: 45170 | B3: Solde | D3: 9051 | E3: =SUM(E2,-C3,D3) -> 9051
A4: 45191 | B4: Dépôt | D4: 330500 | E4: =SUM(E3,-C4,D4) -> 339551
A5: 45195 | B5: Dépôt | D5: 23000 | E5: =SUM(E4,-C5,D5) -> 362551 | H5: ="Solde au " & TEXT(DATE(YEAR(MAX(tClcam[Date])), 8, 31),"j mmmm aaaa ---> ") -> Solde au j août lundi ---> | I5: {=_xlfn.LET( _xlpm.pl_T, tClcam[], _xlpm.pl_D, INDEX(_xlpm.pl_T, , 1), _xlpm.decLig, INDEX(ROW(_xlpm.pl_D), 1) - 1, _xlpm.derLig, ROWS(_xlpm.pl_D) + _xlpm.decLig, _xlpm.dat0, DATE(YEAR(MAX(_xlpm.pl_D)), 8, 31), _xlpm.ligD1, _xlfn.XMATCH(TRUE, _xlpm.pl_D = _xlpm.dat0) + _xlpm.decLig, _xlpm.ligD2, IFERROR(_xlfn.XMATCH(1, (_xlpm.pl_D > _xlpm.dat0) * (ISNUMBER(_xlpm.pl_D))) + _xlpm.decLig, _xlpm.derLig + 1), _xlpm.f, _xlfn._xlws.FILTER(_xlpm.pl_T, (ROW(_xlpm.pl_T) >= _xlpm.ligD1) * (ROW(_xlpm.pl_T) < _xlpm.ligD2)), INDEX(_xlpm.f, ROWS(_xlpm.f), 5) )} -> 802430
A6: d° | B6: Retrait | C6: 196840 | E6: =SUM(E5,-C6,D6) -> 165711
A7: 45197 | B7: Retrait | C7: 117000 | E7: =SUM(E6,-C7,D7) -> 48711
A8: 45223 | B8: Dépôt | D8: 197500 | E8: =SUM(E7,-C8,D8) -> 246211
A9: d° | B9: Retrait | C9: 68000 | E9: =SUM(E8,-C9,D9) -> 178211
A10: d° | B10: FTC | C10: 500 | E10: =SUM(E9,-C10,D10) -> 177711
A11: 45252 | B11: FTC | C11: 500 | E11: =SUM(E10,-C11,D11) -> 177211
A12: d° | B12: Avance sur droits de scolarité des filles du 1er cycle à la charge de l'Etat | D12: 325125 | E12: =SUM(E11,-C12,D12) -> 502336
A13: d° | B13: Taxe | C13: 1625 | D13: 3000 | E13: =SUM(E12,-C13,D13) -> 503711
A14: d° | B14: Reversement | E14: =SUM(E13,-C14,D14) -> 503711
A15: d° | B15: Dépôt | D15: 1053500 | E15: =SUM(E14,-C15,D15) -> 1557211
A16: d° | B16: Retrait | C16: 237425 | E16: =SUM(E15,-C16,D16) -> 1319786
A17: 45257 | B17: Fournitures scolaire et de bureau | C17: 508290 | E17: =SUM(E16,-C17,D17) -> 811496
A18: 45259 | B18: Imprimés techniques | C18: 295000 | E18: =SUM(E17,-C18,D18) -> 516496
A19: 45272 | B19: Retrait | C19: 223680 | E19: =SUM(E18,-C19,D19) -> 292816
A20: 45279 | B20: Dépôt | D20: 43000 | E20: =SUM(E19,-C20,D20) -> 335816
A21: d° | B21: Retrait | C21: 47000 | E21: =SUM(E20,-C21,D21) -> 288816
A22: 45315 | B22: Dépôt | D22: 505000 | E22: =SUM(E21,-C22,D22) -> 793816
A23: d° | B23: Frais de dossier BEPC | D23: 151700 | E23: =SUM(E22,-C23,D23) -> 945516
A24: d° | B24: Retrait | C24: 178330 | E24: =SUM(E23,-C24,D24) -> 767186
A25: 45335 | B25: Retrait | C25: 271700 | E25: =SUM(E24,-C25,D25) -> 495486
A26: 45348 | B26: Dépôt | D26: 30800 | E26: =SUM(E25,-C26,D26) -> 526286
A27: d° | B27: Retrait | C27: 45000 | E27: =SUM(E26,-C27,D27) -> 481286
A28: d° | B28: Retrait | C28: 54000 | E28: =SUM(E27,-C28,D28) -> 427286
A29: d° | B29: FTC | C29: 1500 | E29: =SUM(E28,-C29,D29) -> 425786
A30: d° | B30: Correction de solde | D30: 5 | E30: =SUM(E29,-C30,D30) -> 425791
A31: 45358 | B31: Retrait | C31: 33000 | E31: =SUM(E30,-C31,D31) -> 392791
A32: d° | B32: FTC | C32: 500 | E32: =SUM(E31,-C32,D32) -> 392291
A33: 45376 | B33: Retrait | C33: 187245 | E33: =SUM(E32,-C33,D33) -> 205046
A34: d° | B34: Dépôt | D34: 61100 | E34: =SUM(E33,-C34,D34) -> 266146
A35: 45393 | B35: Retrait | C35: 20500 | E35: =SUM(E34,-C35,D35) -> 245646
A36: 45407 | B36: FTC | C36: 500 | E36: =SUM(E35,-C36,D36) -> 245146
A37: d° | B37: Dépôt | D37: 24000 | E37: =SUM(E36,-C37,D37) -> 269146
A38: d° | B38: Retrait | C38: 196200 | E38: =SUM(E37,-C38,D38) -> 72946
A39: 45411 | B39: Retrait | C39: 7000 | E39: =SUM(E38,-C39,D39) -> 65946
A40: 45442 | B40: Dépôt | D40: 11000 | E40: =SUM(E39,-C40,D40) -> 76946
A41: d° | B41: Reste droits de scolarité des filles du 1er cycle à la charge de l'Etat | D41: 934875 | E41: =SUM(E40,-C41,D41) -> 1011821
A42: d° | B42: Commission CLCAM sur Reste droits de scolarité des filles du 1er cycle à la charge de l'Etat | C42: 4674 | E42: =SUM(E41,-C42,D42) -> 1007147
A43: d° | B43: FTC avril 2024 | C43: 500 | E43: =SUM(E42,-C43,D43) -> 1006647
A44: d° | B44: Retrait | C44: 101000 | E44: =SUM(E43,-C44,D44) -> 905647
A45: 45446 | B45: Retrait | C45: 203600 | E45: =SUM(E44,-C45,D45) -> 702047
A46: 45464 | B46: Retrait | C46: 212000 | E46: =SUM(E45,-C46,D46) -> 490047
A47: 45502 | B47: Retrait | C47: 86860 | E47: =SUM(E46,-C47,D47) -> 403187
A48: d° | B48: FTC mai et juin 2024 | C48: 1000 | E48: =SUM(E47,-C48,D48) -> 402187
A49: 45520 | B49: Retrait | C49: 129025 | E49: =SUM(E48,-C49,D49) -> 273162
A50: d° | B50: FTC juillet | C50: 500 | E50: =SUM(E49,-C50,D50) -> 272662
A51: 45525 | B51: Retrait | C51: 47000 | E51: =SUM(E50,-C51,D51) -> 225662
A52: 45535 | B52: Retrait | C52: 39000 | E52: =SUM(E51,-C52,D52) -> 186662
A53: 45561 | B53: Retrait | C53: 175500 | E53: =SUM(E52,-C53,D53) -> 11162
A54: d° | B54: Dépôt | D54: 845500 | E54: =SUM(E53,-C54,D54) -> 856662
A55: d° | B55: FTC août 2024 | C55: 500 | E55: =SUM(E54,-C55,D55) -> 856162
A56: 45594 | B56: Dépôt | D56: 210000 | E56: =SUM(E55,-C56,D56) -> 1066162
A57: d° | B57: 1ère tranche de la scolarité des filles du 1er cycle | D57: 335234 | E57: =SUM(E56,-C57,D57) -> 1401396
A58: d° | B58: Taxe sur 1ère tranche de la scolarité des filles du 1er cycle | C58: 1676 | E58: =SUM(E57,-C58,D58) -> 1399720
A59: d° | B59: FTC septembre 2024 | C59: 500 | E59: =SUM(E58,-C59,D59) -> 1399220
A60: d° | B60: Retrait | C60: 134350 | E60: =SUM(E59,-C60,D60) -> 1264870
A61: d° | B61: Retrait | C61: 170000 | E61: =SUM(E60,-C61,D61) -> 1094870
A62: 45621 | B62: Retrait | C62: 304500 | E62: =SUM(E61,-C62,D62) -> 790370
A63: d° | B63: Dépôt | D63: 942600 | E63: =SUM(E62,-C63,D63) -> 1732970
A64: d° | B64: FTC octobre 2024 | C64: 500 | E64: =SUM(E63,-C64,D64) -> 1732470
A65: 45642 | B65: Retrait | C65: 122000 | E65: =SUM(E64,-C65,D65) -> 1610470
A66: d° | B66: FTC novembre 2024 | C66: 500 | E66: =SUM(E65,-C66,D66) -> 1609970
A67: 45645 | B67: Retrait | C67: 248120 | E67: =SUM(E66,-C67,D67) -> 1361850
A68: d° | B68: Paiement imprimés techniques | C68: 290200 | E68: =SUM(E67,-C68,D68) -> 1071650
A69: 45652 | B69: Paiement fournitures scolaires et petits matériels d'entretien | C69: 647965 | E69: =SUM(E68,-C69,D69) -> 423685
A70: d° | B70: Dépôt | D70: 169000 | E70: =SUM(E69,-C70,D70) -> 592685
A71: 45684 | B71: Retrait | C71: 327000 | E71: =SUM(E70,-C71,D71) -> 265685
A72: d° | B72: Dépôt | D72: 690800 | E72: =SUM(E71,-C72,D72) -> 956485
A73: d° | B73: Intérêt 2024 | D73: 652 | E73: =SUM(E72,-C73,D73) -> 957137
A74: d° | B74: FTC décembre 2024 | C74: 500 | E74: =SUM(E73,-C74,D74) -> 956637
A75: 45705 | B75: Retrait | C75: 422340 | E75: =SUM(E74,-C75,D75) -> 534297
A76: d° | B76: FTC janvier 2025 | C76: 500 | E76: =SUM(E75,-C76,D76) -> 533797
A77: 45707 | B77: Dépôt | D77: 92800 | E77: =SUM(E76,-C77,D77) -> 626597
A78: d° | B78: Retrait | C78: 57000 | E78: =SUM(E77,-C78,D78) -> 569597
A79: 45741 | B79: Retrait | C79: 444560 | E79: =SUM(E78,-C79,D79) -> 125037
A80: d° | B80: FTC février 2025 | C80: 500 | E80: =SUM(E79,-C80,D80) -> 124537
A81: d° | B81: Reste droits de scolarité des filles du 1er cycle | D81: 1260766 | E81: =SUM(E80,-C81,D81) -> 1385303
A82: d° | B82: Commission sur Reste droits de scolarité des filles du cycle 1 | C82: 6304 | E82: =SUM(E81,-C82,D82) -> 1378999
A83: 45747 | B83: Dépôt | D83: 194700 | E83: =SUM(E82,-C83,D83) -> 1573699
A84: 45762 | B84: Retrait | C84: 207000 | E84: =SUM(E83,-C84,D84) -> 1366699
A85: d° | B85: FTC mars 2025 | C85: 500 | E85: =SUM(E84,-C85,D85) -> 1366199
A86: 45775 | B86: Dépôt | D86: 88200 | E86: =SUM(E85,-C86,D86) -> 1454399
A87: d° | B87: Retrait | C87: 47000 | E87: =SUM(E86,-C87,D87) -> 1407399
A88: 45797 | B88: Dépôt | D88: 11900 | E88: =SUM(E87,-C88,D88) -> 1419299
A89: d° | B89: Retrait | C89: 164000 | E89: =SUM(E88,-C89,D89) -> 1255299
A90: 45799 | B90: Retrait | C90: 377920 | E90: =SUM(E89,-C90,D90) -> 877379
A91: d° | B91: FTC avril 2025 | C91: 500 | E91: =SUM(E90,-C91,D91) -> 876879
A92: 45803 | B92: Retrait | C92: 165000 | E92: =SUM(E91,-C92,D92) -> 711879
A93: 45810 | B93: Retrait | C93: 189000 | E93: =SUM(E92,-C93,D93) -> 522879
A94: 45812 | B94: Retrait | C94: 54000 | E94: =SUM(E93,-C94,D94) -> 468879
A95: 45831 | B95: Retrait | C95: 47000 | E95: =SUM(E94,-C95,D95) -> 421879
A96: d° | B96: FTC mai 2025 | C96: 500 | E96: =SUM(E95,-C96,D96) -> 421379
A97: 45859 | B97: Retrait | C97: 235700 | E97: =SUM(E96,-C97,D97) -> 185679
A98: d° | B98: FTC juin 2025 | C98: 500 | E98: =SUM(E97,-C98,D98) -> 185179
A99: 45896 | B99: Retrait | C99: 83000 | E99: =SUM(E98,-C99,D99) -> 102179
A100: d° | B100: FTC juillet 2025 | C100: 500 | E100: =SUM(E99,-C100,D100) -> 101679
...

Sheet Entête
B1: COLLEGE D'ENSEIGNEMENT GENERAL ZOUKOU
B2: IFU: 4202495877266
B3: BP: Tél : (+229) 0124801169 | E3: Exercice : 2025 - 2026
B4: E. Géofroy KLOGBODJI
B5: Hervé Claude V. G. DOVONON

Sheet FED
C1: Route de l’aéroport 10 BP 250 Cotonou ® : (229) 21 32 38 43 ; Fax : 21 32 41 88 web: www.enseignementsecondaire.gouv.bj
A4: =Entête!$B$1 -> COLLEGE D'ENSEIGNEMENT GENERAL ZOUKOU
B5: =Entête!B2 -> IFU: 4202495877266
A6: =Entête!$B$3 -> BP: Tél : (+229) 0124801169
D7: =Entête!$E$3 -> Exercice : 2025 - 2026
A9: FICHE D'ENGAGEMENT DE DEPENSES (FED) N°01
B11: N° du chèque : | C11: 00612632
A13: N° | B13: DESIGNATION | C13: MONTANT | D13: Chp | E13: CP | F13: CD | G13: SC | I13: TTC | J13: HT | K13: TVA | N13: AIB | O13: Retenu TVA+AIB | P13: Prestataire | Q13: TVA+AIB+Payé
A14: 1 | B14: Indemnité de caisse (septembre 2025) | C14: 10000 | D14: B | E14: 65 | F14: 650 | G14: 6504 | I14: 100000 | J14: =I14/1.18 -> 84745.763 | K14: =I14-J14 -> 15254.237 | L14: 100 | M14: =IF(L14=40,K14*L14/100,IF(L14=60,K14*60/100,K14)) -> 15254.237 | N14: =J14/100 -> 847.45763 | O14: =SUM(M14,N14) -> 16101.695 | P14: =I14-O14 -> 83898.305 | Q14: =SUM(M14,N14,P14) -> 100000
A15: 2 | B15: Primes de déplacement du personnel administratif (septembre 2025) | C15: 37000 | D15: B | E15: 65 | F15: 650 | G15: 6504 | J15: =I15/1.18 -> 0 | K15: =I15-J15 -> 0 | L15: 100 | M15: =IF(L15=40,K15*L15/100,IF(L15=60,K15*60/100,K15)) -> 0 | N15: =J15/100 -> 0 | O15: =SUM(M15,N15) -> 0 | P15: =I15-O15 -> 0 | Q15: =SUM(M15,N15,P15) -> 0
A16: 3 | B16: Recharge d'électricité | C16: 39275 | D16: B | E16: 61 | F16: 610 | G16: 6107 | J16: =I16/1.18 -> 0 | K16: =I16-J16 -> 0 | M16: =IF(L16=40,K16*L16/100,IF(L16=60,K16*60/100,K16)) -> 0 | N16: =J16/100 -> 0 | O16: =SUM(M16,N16) -> 0 | P16: =I16-O16 -> 0 | Q16: =SUM(M16,N16,P16) -> 0
A17: 4 | B17: Abonnement internet | C17: 9900 | D17: B | E17: 63 | F17: 638 | G17: 6380 | J17: =I17/1.18 -> 0 | K17: =I17-J17 -> 0 | M17: =IF(L17=40,K17*L17/100,IF(L17=60,K17*60/100,K17)) -> 0 | N17: =J17/100 -> 0 | O17: =SUM(M17,N17) -> 0 | P17: =I17-O17 -> 0 | Q17: =SUM(M17,N17,P17) -> 0
J18: =I18/1.18 -> 0 | K18: =I18-J18 -> 0 | M18: =IF(L18=40,K18*L18/100,IF(L18=60,K18*60/100,K18)) -> 0 | N18: =J18/100 -> 0 | O18: =SUM(M18,N18) -> 0 | P18: =I18-O18 -> 0 | Q18: =SUM(M18,N18,P18) -> 0
J19: =I19/1.18 -> 0 | K19: =I19-J19 -> 0 | M19: =IF(L19=40,K19*L19/100,IF(L19=60,K19*60/100,K19)) -> 0 | N19: =J19/100 -> 0 | O19: =SUM(M19,N19) -> 0 | P19: =I19-O19 -> 0 | Q19: =SUM(M19,N19,P19) -> 0
J20: =I20/1.18 -> 0 | K20: =I20-J20 -> 0 | M20: =IF(L20=40,K20*L20/100,IF(L20=60,K20*60/100,K20)) -> 0 | N20: =J20/100 -> 0 | O20: =SUM(M20,N20) -> 0 | P20: =I20-O20 -> 0 | Q20: =SUM(M20,N20,P20) -> 0
I21: =SUM(I14:I20) -> 100000 | J21: =SUM(J14:J20) -> 84745.763 | K21: =SUM(K14:K20) -> 15254.237 | M21: =SUM(M14:M20) -> 15254.237 | N21: =SUM(N14:N20) -> 847.45763 | O21: =SUM(O14:O20) -> 16101.695 | P21: =SUM(P14:P20) -> 83898.305 | Q21: =SUM(Q14:Q20) -> 100000
A26: TOTAL | C26: =SUM(C14:C25) -> 96175
A27: Arrêté la présente fiche à la somme de : | C27: quatre-vingt-seize mille cent soixante-quinze
F28: =$C$47&C26&$E$47 -> (96175) FCFA
C29: Zoukou, le 22/09/2025 | J29: Caisse | K29: Dépla | L29: Dev | M29: Missions | P29: Total | R29: Reste
A30: Vu et approuvé | I30: Diro | P30: =SUM(J30:O30) -> 0 | R30: =SUM(P30:Q30) -> 0
I31: Compt | P31: =SUM(J31:O31) -> 0 | R31: =SUM(P31:Q31) -> 0
I32: SG | P32: =SUM(J32:O32) -> 0 | R32: =SUM(P32:Q32) -> 0
I33: Sporr | P33: =SUM(J33:O33) -> 0 | Q33: 0 | R33: =SUM(P33:Q33) -> 0
P34: =SUM(J34:O34) -> 0 | Q34: 0 | R34: =SUM(P34:Q34) -> 0
P35: =SUM(J35:O35) -> 0 | Q35: 0 | R35: =SUM(P35:Q35) -> 0
P36: =SUM(P30:P35) -> 0 | Q36: =SUM(Q30:Q34) -> 0 | R36: =SUM(R30:R35) -> 0
A41: =Entête!B4 -> E. Géofroy KLOGBODJI | D41: =Entête!B5 -> Hervé Claude V. G. DOVONON
A42: Le Gestionnaire-Comptable | D42: Le Directeur, Ordonnateur
C47: ( | E47: ) FCFA

Sheet Bordereau sortie de chèque
B1: MINISTÈRE DES ENSEIGNEMENTS SECONDAIRE, TECHNIQUE ET DE LA FORMATION PROFESSIONNELLE REPUBLIQUE DU BENIN -------***------- SECRETARIAT GENERAL DU MINISTERE -------***------- DIRECTION DEPARTEMENTALE DES ENSEIGNEMENTS SECONDAIRE, TECHNIQUE ET DE LA FORMATION PROFESSIONNELLE DU ZOU -------***------- | G1: Route de l’aéroport 10 BP 250 Cotonou ® : (229) 21 32 38 43 ; Fax : 21 32 41 88 web: www.enseignementsecondaire.gouv.bj
B2: =Entête!$B$1 -> COLLEGE D'ENSEIGNEMENT GENERAL ZOUKOU
B3: =Entête!B2 -> IFU: 4202495877266
B4: =Entête!$B$3 -> BP: Tél : (+229) 0124801169
G5: =Entête!$E$3 -> Exercice : 2025 - 2026
A7: BORDEREAU DE SORTIE DE CHEQUE
G8: N° | H8: 13
A10: MONTANT EN FRANCS CFA : | D10: 96600
A12: Nom du bénéficiaire | C12: Gestionnaire-Comptable
A13: Adresse
A14: Objet | B14: Approvisionnement de caisse
A15: Chèque N° | B15: 7768115 | C15: de | D15: quatre-vingt-seize mille six cents
A17: N° et date de la pièce comptable
A18: Date et lieu de paiement
F19: Zoukou le 04/03/2023
D26: =Entête!B4 -> E. Géofroy KLOGBODJI | H26: =Entête!B5 -> Hervé Claude V. G. DOVONON
A27: Le Bénéficiaire | D27: Le Gestionnaire-Comptable | H27: Le Directeur, Ordonnateur

Sheet Relevé des menues dépenses
B1: MINISTÈRE DES ENSEIGNEMENTS SECONDAIRE, TECHNIQUE ET DE LA FORMATION PROFESSIONNELLE RÉPUBLIQUE DU BÉNIN ********************** SECRÉTARIAT GÉNÉRAL DU MINISTÈRE *********************** DIRECTION DÉPARTEMENTALE DES ENSEIGNEMENTS SECONDAIRE, TECHNIQUE ET DE LA FORMATION PROFESSIONNELLE DU ZOU *************** | F1: Route de l’aéroport 10 BP 250 Cotonou ® : (229) 21 32 38 43 ; Fax : 21 32 41 88 web: www.enseignementsecondaire.gouv.bj
B2: =Entête!$B$1 -> COLLEGE D'ENSEIGNEMENT GENERAL ZOUKOU
B3: =Entête!B2 -> IFU: 4202495877266
B4: =Entête!$B$3 -> BP: Tél : (+229) 0124801169
E5: =Entête!$E$3 -> Exercice : 2025 - 2026
A7: RELEVE DES MENUES DEPENSES N°01
A9: N° | B9: Date | C9: DESIGNATION DE LA DEPENSE | D9: MONTANT | E9: IMPUTATION | I9: OBSER
E10: Chp | F10: CP | G10: CD | H10: SC
A30: TOTAL | D30: =SUM(D11:D29) -> 0
A32: Arrêté la présente fiche à la somme de : vingt-neuf mille sept cent vingt-cinq (29 725) FCFA
D33: Zoukou, le 08/12/2020
A34: Vu et approuvé
A41: =Entête!B4 -> E. Géofroy KLOGBODJI | G41: =Entête!B5 -> Hervé Claude V. G. DOVONON
A42: Le Gestionnaire-Comptable | G42: Le Directeur, Ordonnateur

Sheet Budget
B1: TABLEAU N° 9 : PREVISION DE PRODUITS
A2: Chp | B2: N° de comptes | E2: INTITULÉS | F2: Crédits par comptes
B3: CP | C3: CD | D3: SC | F3: SC | G3: CD | H3: CP
A4: I | B4: 70 | C4: VENTE DES IMPRIMES
C5: 701 | D5: Certificat et attestation de scolarité; fiche de transfert | G5: 15600
C6: 702 | D6: Carte d'identité scolaire 350 x 1 000F = 350 000 Photo BEPC 45 x 1 000F | G6: 395000 | J6: Effect total | K6: 422
C7: 709 | D7: Autres ventes | G7: =IF(SUM(F8:F8)=0,"PM",SUM(F8:F8)) -> PM | J7: Enf d'Enseig | K7: 3 + 1
D8: 7090 | J8: Filles du 1er cyc | K8: 152
B9: TOTAL CP 70 | H9: =IF(SUM(G5:G8)=0,"PM",SUM(G5:G8)) -> 410600 | J9: candidat BEPC | K9: 36
A10: II | B10: 71 | C10: PRODUITS SCOLAIRES, PRESTATION DE SERVICE, AUTRES PRODUITS | J10: BAC | K10: 12
C11: 712 | D11: Prestation de service | G11: =IF(SUM(F12:F14)=0,"PM",SUM(F12:F14)) -> 87000 | J11: Contribuable | K11: 418
D12: 7121 | E12: Manifestations culturelles et sportives | F12: PM
D13: 7122 | E13: Locations diverses (Droits de place: vendeuses 42 000f; Kiosque 45 000f) | F13: 87000
D14: 7129 | E14: Autres produits | F14: PM
C15: 714 | D15: Produits scolaires | G15: =IF(SUM(F16:F19)=0,"PM",SUM(F16:F19)) -> 3456000
D16: 7140 | E16: Droits de scolarité : (Contribuables - filles du cyc 1) x 12 000 (418-152) x 12 000 | F16: 3192000
D17: 7145 | E17: Reste à recouvrer | F17: 10000 | K17: 3m sur 2,5
D18: 7146 | E18: Frais de Dossiers BEPC : 2 800Fx 45; BAC 8 000Fx16 | F18: 254000 | K18: Entre le portail et le bâtiment ancien
D19: 7149 | E19: Autres produits scolaires | K19: 5000/mois pendant 9 mois payable en une tranche
C20: 716 | D20: Solde de l’exercice antérieur | G20: 101679 | K20: Rester sur le compteur SBEE du collège avec un décompteur numérique ingelec à raison de 250f/kwh jusqu'en décembre 2025 au plus tard
B21: TOTAL CP 71 | H21: =IF(SUM(G11:G20)=0,"PM",SUM(G11:G20)) -> 3644679
A22: III | B22: 76 | C22: SUBVENTIONS
C23: 760 | D23: Subvention de l’État | G23: =IF(SUM(F24:F25)=0,"PM",SUM(F24:F25)) -> 1824000
D24: 7605 | E24: Subvention pour droits de scolarité des filles du 1er cycle : 152 x 12 000 | F24: 1824000
D25: 7606 | E25: Autres subventions
B26: TOTAL CP 76 | H26: =IF(SUM(G23)=0,"PM",SUM(G23)) -> 1824000
A27: IV | B27: 77 | C27: INTERETS ET DIVIDENDES REÇUS
C28: 771 | D28: Intérêts des comptes courants créditeurs | G28: PM
B29: TOTAL CP 77 | H29: =IF(SUM(G28)=0,"PM",SUM(G28)) -> PM
B31: TOTAL PRODUITS : 70 + 71 + 76 + 77 | H31: =SUM(H4:H29) -> 5879279
D39: TABLEAU N° 10 : RECAPITULATIF PRODUITS
C41: Chp | D41: CP | E41: INTITULÉS | F41: Produits votés
C42: I | D42: 70 | E42: Vente des imprimés | F42: =H9 -> 410600
C43: II | D43: 71 | E43: Produits scolaires, prestations de service, autres produits | F43: =H21 -> 3644679
C44: III | D44: 76 | E44: Subventions et dons | F44: =H26 -> 1824000
C45: IV | D45: 77 | E45: Intérêts et dividendes reçus | F45: =H29 -> PM
C46: TOTAL GENERAL | F46: =SUM(F42:F45) -> 5879279
E85: CHARGES
A86: A | E86: CHAPITRE A : ACTIVITE EDUCACATIVE ET PEDAGOGIQUE
B88: N° de comptes | F88: Crédits par comptes
B89: CP | C89: CD | D89: SC | E89: INTITULÉS | F89: SC | G89: CD | H89: CP
B90: 60 | C90: ANIMATION PEDAGOGIQUE ET FORMATION
C91: 600 | D91: Animation pédagogique | G91: =IF(SUM(F92:F95)=0,"PM",SUM(F92:F95)) -> 990000
D92: 6001 | E92: Animation Pédagogigue de Zone (APZ) | F92: 96000
D93: 6002 | E93: Primes PP 09 et AE 06: 15 000f x 15 x 2 | F93: 450000
D94: 6003 | E94: Organisation des travaux dirigés (TD) | F94: 300000
D95: 6004 | E95: Examens blancs: Secrétariat 16 000f; BEPC 49 000f; BAC 63 000f (NB: All + Esp = un correcteur) | F95: 144000
C96: 601 | D96: Formation | G96: =IF(SUM(F97)=0,"PM",SUM(F97)) -> 270000
D97: 6010 | E97: Formation des personnels | F97: 270000
B98: TOTAL CP 60 | H98: =IF(SUM(G91:G97)=0,"PM",SUM(G91:G97)) -> 1260000
B99: 61 | C99: MATIERES, MATERIELS ET FOURNITURES CONSOMMEES
C100: 610 | D100: Matières et fournitures consommées | G100: =IF(SUM(F101:F103)=0,"PM",SUM(F101:F103)) -> 1230000
D101: 6100 | E101: Fournitures scolaires | F101: 630000
D102: 6104 | E102: Produits de laboratoire
D103: 6109 | E103: Autres matières et fournitures consommées : Services informatique et de reprographie | F103: 600000
C104: 611 | D104: Matières pédagogiques non amortissables | G104: =IF(SUM(F105:F111)=0,"PM",SUM(F105:F111)) -> 395000
D105: 6110 | E105: Manuels scolaires | F105: PM
D106: 6112 | E106: Matériel de laboratoire | F106: PM
D107: 6113 | E107: Matériel de sport | F107: PM
D108: 6114 | E108: Outillage individuel | F108: PM
D109: 6115 | E109: Documentation pédagogique | F109: PM
D110: 6117 | E110: Frais de cartes scolaires + photo BEPC | F110: 395000
D111: 6118 | E111: Autre matériel pédagogique non amortissable : Equipement en matériel didactique
B112: TOTAL CP 61 | H112: =IF(SUM(G100:G111)=0,"PM",SUM(G100:G111)) -> 1625000
B113: 62 | C113: TRANSPORTS CONSOMMES
C114: 621 | D114: Frais de mission pour sorties pédagogiques
C115: 622 | D115: Frais de déplacement des élèves
C116: 623 | D116: Frais de déplacement pour activités sportive et culturelle | G116: 20000
C117: 629 | D117: Autres transports consommés
B118: TOTAL CP 62 | H118: =IF(SUM(G114:G117)=0,"PM",SUM(G114:G117)) -> 20000
B119: 63 | C119: AUTRES SERVICES CONSOMMES
C120: 631 | D120: Entretien et maintenance | G120: =IF(SUM(F121:F123)=0,"PM",SUM(F121:F123)) -> PM
D121: 6312 | E121: Entretien du matériel et mobilier scolaire | F121: PM
D122: 6316 | E122: Entretien du matériel de laboratoire | F122: PM
D123: 6319 | E123: Autres entretiens | F123: PM
B124: TOTAL CP 63 | H124: =IF(SUM(G120:G123)=0,"PM",SUM(G120:G123)) -> PM
B125: 64 | C125: CHARGES ET PERTES DIVERSES
C126: 643 | D126: Affiliation-enseignement-licences sportives
C127: 644 | D127: Distribution de prix
B128: TOTAL CP 64 | H128: =IF(SUM(G126:G127)=0,"PM",SUM(G126:G127)) -> PM
B129: 65 | C129: FRAIS DE PERSONNEL
C130: 650 | D130: Salaires et appointements | G130: =IF(SUM(F131:F131)=0,"PM",SUM(F131:F131)) -> PM
F131: PM
B132: TOTAL CP 65 | H132: =IF(SUM(G130:G131)=0,"PM",SUM(G130:G131)) -> PM
B133: TOTAL CHAPITRE A | H133: =SUM(H90:H132) -> 2905000
H135: =H133/H31 -> 0.49410821
A140: B | E140: CHAPITRE B : CHARGES GENERALES
B142: CP | C142: CD | D142: SC | E142: INTITULÉS | F142: SC | G142: CD | H142: CP
B143: 61 | C143: MATIERES, MATERIELS ET FOURNITURES CONSOMMEES
C144: 610 | D144: Matières et fournitures consommées | G144: =IF(SUM(F145:F149)=0,"PM",SUM(F145:F149)) -> 617750
D145: 6101 | E145: Fournitures administratives (imprimés techniques, fournitures de matériel technique) | F145: 291000
D146: 6103 | E146: Fournitures et petits matériels d’entretien | F146: 76750
D147: 6105 | E147: Infirmerie et produits pharmaceutiques ; petits matériels d’infirmerie
D148: 6107 | E148: Electricité et eau | F148: 250000
D149: 6109 | E149: Autre matériels et fournitures consommés
B150: TOTAL CP 61 | H150: =IF(SUM(G144:G149)=0,"PM",SUM(G144:G149)) -> 617750
B151: 62 | C151: TRANSPORTS CONSOMMES
C152: 620 | D152: Frais de mission | G152: 180000
C153: 629 | D153: Autres transports consommés
B154: TOTAL CP 62 | H154: =IF(SUM(G152:G153)=0,"PM",SUM(G152:G153)) -> 180000
...

Sheet CB
B1: =Budget!B1 -> TABLEAU N° 9 : PREVISION DE PRODUITS
A3: Chp | B3: =Budget!B2 -> N° de comptes | E3: =Budget!E2 -> INTITULÉS | F3: Produit autorisé | G3: Décision | I3: Produit ouvert
B4: =Budget!B3 -> CP | C4: =Budget!C3 -> CD | D4: =Budget!D3 -> SC | G4: + | H4: -
A5: =Budget!A4 -> I | B5: =Budget!B4 -> 70 | C5: =Budget!C4 -> VENTE DES IMPRIMES
C6: =Budget!C5 -> 701 | D6: =Budget!D5 -> Certificat et attestation de scolarité; fiche de transfert | F6: =Budget!G5 -> 15600 | I6: =SUM(F6,G6,-H6) -> 15600
C7: =Budget!C6 -> 702 | D7: =Budget!D6 -> Carte d'identité scolaire 350 x 1 000F = 350 000 Photo BEPC 45 x 1 000F | F7: =Budget!G6 -> 395000 | I7: =SUM(F7,G7,-H7) -> 395000
C8: =Budget!C7 -> 709 | D8: =Budget!D7 -> Autres ventes | G8: 0 | H8: 0 | I8: =SUM(F8,G8,-H8) -> 0
D9: =Budget!D8 -> 7090 | E9: =Budget!E8 -> 0 | F9: =Budget!F8 -> 0 | I9: =SUM(F9,G9,-H9) -> 0
B10: =Budget!B9 -> TOTAL CP 70 | F10: =SUM(F6:F9) -> 410600 | G10: =SUM(G6:G9) -> 0 | H10: =SUM(H6:H9) -> 0 | I10: =SUM(I6:I9) -> 410600
A11: =Budget!A10 -> II | B11: =Budget!B10 -> 71 | C11: =Budget!C10 -> PRODUITS SCOLAIRES, PRESTATION DE SERVICE, AUTRES PRODUITS
C12: =Budget!C11 -> 712 | D12: =Budget!D11 -> Prestation de service
D13: =Budget!D12 -> 7121 | E13: =Budget!E12 -> Manifestations culturelles et sportives | F13: =Budget!F12 -> PM | I13: =SUM(F13,G13,-H13) -> 0
D14: =Budget!D13 -> 7122 | E14: =Budget!E13 -> Locations diverses (Droits de place: vendeuses 42 000f; Kiosque 45 000f) | F14: =Budget!F13 -> 87000 | I14: =SUM(F14,G14,-H14) -> 87000
D15: =Budget!D14 -> 7129 | E15: =Budget!E14 -> Autres produits | F15: =Budget!F14 -> PM | I15: =SUM(F15,G15,-H15) -> 0
C16: =Budget!C15 -> 714 | D16: =Budget!D15 -> Produits scolaires
D17: =Budget!D16 -> 7140 | E17: =Budget!E16 -> Droits de scolarité : (Contribuables - filles du cyc 1) x 12 000 (418-152) x 12 000 | F17: =Budget!F16 -> 3192000 | H17: 0 | I17: =SUM(F17,G17,-H17) -> 3192000
D18: =Budget!D17 -> 7145 | E18: =Budget!E17 -> Reste à recouvrer | F18: =Budget!F17 -> 10000 | G18: 0 | H18: 0 | I18: =SUM(F18,G18,-H18) -> 10000
D19: =Budget!D18 -> 7146 | E19: =Budget!E18 -> Frais de Dossiers BEPC : 2 800Fx 45; BAC 8 000Fx16 | F19: =Budget!F18 -> 254000 | I19: =SUM(F19,G19,-H19) -> 254000
D20: =Budget!D19 -> 7149 | E20: =Budget!E19 -> Autres produits scolaires | F20: =Budget!F19 -> 0 | G20: 0 | I20: =SUM(F20,G20,-H20) -> 0
C21: =Budget!C20 -> 716 | D21: =Budget!D20 -> Solde de l’exercice antérieur | F21: =Budget!G20 -> 101679 | G21: 0 | H21: 0 | I21: =SUM(F21,G21,-H21) -> 101679
B22: =Budget!B21 -> TOTAL CP 71 | F22: =SUM(F13:F21) -> 3644679 | G22: =SUM(G13:G21) -> 0 | H22: =SUM(H13:H21) -> 0 | I22: =SUM(I13:I21) -> 3644679
A23: =Budget!A22 -> III | B23: =Budget!B22 -> 76 | C23: =Budget!C22 -> SUBVENTIONS
C24: =Budget!C23 -> 760 | D24: =Budget!D23 -> Subvention de l’État
D25: =Budget!D24 -> 7605 | E25: =Budget!E24 -> Subvention pour droits de scolarité des filles du 1er cycle : 152 x 12 000 | F25: =Budget!F24 -> 1824000 | G25: 0 | I25: =SUM(F25,G25,-H25) -> 1824000
D26: =Budget!D25 -> 7606 | E26: =Budget!E25 -> Autres subventions | F26: =Budget!F25 -> 0 | H26: 0 | I26: =SUM(F26,G26,-H26) -> 0
B27: =Budget!B26 -> TOTAL CP 76 | F27: =SUM(F25:F26) -> 1824000 | G27: =SUM(G25:G26) -> 0 | H27: =SUM(H25:H26) -> 0 | I27: =SUM(I25:I26) -> 1824000
A28: =Budget!A27 -> IV | B28: =Budget!B27 -> 77 | C28: =Budget!C27 -> INTERETS ET DIVIDENDES REÇUS
C29: =Budget!C28 -> 771 | D29: =Budget!D28 -> Intérêts des comptes courants créditeurs | F29: =Budget!G28 -> PM | G29: 0 | H29: 0 | I29: =SUM(F29:G29,-H29) -> 0
B30: =Budget!B29 -> TOTAL CP 77 | F30: =SUM(F29) -> 0 | G30: =SUM(G29) -> 0 | H30: =SUM(H29) -> 0 | I30: =SUM(I29) -> 0
B32: =Budget!B31 -> TOTAL PRODUITS : 70 + 71 + 76 + 77 | F32: =SUM(F10,F22,F27,F30) -> 5879279 | G32: =SUM(G10,G22,G27,G30) -> 0 | H32: =SUM(H10,H22,H27,H30) -> 0 | I32: =SUM(I10,I22,I27,I30) -> 5879279
D39: =Budget!D39 -> TABLEAU N° 10 : RECAPITULATIF PRODUITS
C41: =Budget!C41 -> Chp | D41: CP | E41: INTITULÉS | F41: Produit autorisé | G41: Décision | I41: Produit voté
G42: + | H42: -
C43: =Budget!C42 -> I | D43: =Budget!D42 -> 70 | E43: =Budget!E42 -> Vente des imprimés | F43: =F10 -> 410600 | G43: =G10 -> 0 | H43: =H10 -> 0 | I43: =I10 -> 410600
C44: =Budget!C43 -> II | D44: =Budget!D43 -> 71 | E44: =Budget!E43 -> Produits scolaires, prestations de service, autres produits | F44: =F22 -> 3644679 | G44: =G22 -> 0 | H44: =H22 -> 0 | I44: =I22 -> 3644679
C45: =Budget!C44 -> III | D45: =Budget!D44 -> 76 | E45: =Budget!E44 -> Subventions et dons | F45: =F27 -> 1824000 | G45: =G27 -> 0 | H45: =H27 -> 0 | I45: =I27 -> 1824000
C46: =Budget!C45 -> IV | D46: =Budget!D45 -> 77 | E46: =Budget!E45 -> Intérêts et dividendes reçus | F46: =F30 -> 0 | G46: =G30 -> 0 | H46: =H30 -> 0 | I46: =I30 -> 0
C47: =Budget!C46 -> TOTAL GENERAL | F47: =SUM(F43:F46) -> 5879279 | G47: =SUM(G43:G46) -> 0 | H47: =SUM(H43:H46) -> 0 | I47: =SUM(I43:I46) -> 5879279
E85: =Budget!E85 -> CHARGES
E86: =Budget!E86 -> CHAPITRE A : ACTIVITE EDUCACATIVE ET PEDAGOGIQUE
B88: =Budget!B88 -> N° de comptes | F88: Crédit | H88: Décision | J88: Crédit ouvert
B89: =Budget!B89 -> CP | C89: =Budget!C89 -> CD | D89: =Budget!D89 -> SC | E89: =Budget!E89 -> INTITULÉS | F89: Autorisé | G89: Disponible | H89: + | I89: -
B90: 60 | E90: =Budget!C90 -> ANIMATION PEDAGOGIQUE ET FORMATION
C91: =Budget!C91 -> 600 | E91: =Budget!D91 -> Animation pédagogique
D92: =Budget!D92 -> 6001 | E92: =Budget!E92 -> Animation Pédagogigue de Zone (APZ) | F92: =Budget!F92 -> 96000 | G92: ='Suivi Dépenses'!F66 -> 96000 | J92: =SUM(F92,H92,-I92) -> 96000
D93: =Budget!D93 -> 6002 | E93: =Budget!E93 -> Primes PP 09 et AE 06: 15 000f x 15 x 2 | F93: =Budget!F93 -> 450000 | G93: ='Suivi Dépenses'!F111 -> 450000 | J93: =SUM(F93,H93,-I93) -> 450000
D94: =Budget!D94 -> 6003 | E94: =Budget!E94 -> Organisation des travaux dirigés (TD) | F94: =Budget!F94 -> 300000 | G94: ='Suivi Dépenses'!F167 -> 300000 | J94: =SUM(F94,H94,-I94) -> 300000
D95: =Budget!D95 -> 6004 | E95: =Budget!E95 -> Examens blancs: Secrétariat 16 000f; BEPC 49 000f; BAC 63 000f (NB: All + Esp = un correcteur) | F95: =Budget!F95 -> 144000 | G95: ='Suivi Dépenses'!F204 -> 144000 | H95: 0 | I95: 0 | J95: =SUM(F95,H95,-I95) -> 144000
C96: =Budget!C96 -> 601 | E96: =Budget!D96 -> Formation
D97: =Budget!D97 -> 6010 | E97: =Budget!E97 -> Formation des personnels | F97: =Budget!F97 -> 270000 | G97: ='Suivi Dépenses'!F256 -> 270000 | I97: 0 | J97: =SUM(F97,H97,-I97) -> 270000
B98: =Budget!B98 -> TOTAL CP 60 | F98: =SUM(F92:F97) -> 1260000 | G98: =SUM(G92:G97) -> 1260000 | H98: =SUM(H92:H97) -> 0 | I98: =SUM(I92:I97) -> 0 | J98: =SUM(J92:J97) -> 1260000
B99: =Budget!B99 -> 61 | E99: =Budget!C99 -> MATIERES, MATERIELS ET FOURNITURES CONSOMMEES
C100: =Budget!C100 -> 610 | E100: =Budget!D100 -> Matières et fournitures consommées
D101: =Budget!D101 -> 6100 | E101: =Budget!E101 -> Fournitures scolaires | F101: =Budget!F101 -> 630000 | G101: ='Suivi Dépenses'!F298 -> 630000 | H101: 0 | J101: =SUM(F101,H101,-I101) -> 630000
D102: =Budget!D102 -> 6104 | E102: =Budget!E102 -> Produits de laboratoire | F102: =Budget!F102 -> 0 | G102: ='Suivi Dépenses'!F343 -> 0 | H102: 0 | I102: 0 | J102: =SUM(F102,H102,-I102) -> 0
D103: =Budget!D103 -> 6109 | E103: =Budget!E103 -> Autres matières et fournitures consommées : Services informatique et de reprographie | F103: =Budget!F103 -> 600000 | G103: ='Suivi Dépenses'!F415 -> 600000 | H103: 0 | I103: 0 | J103: =SUM(F103,H103,-I103) -> 600000
C104: =Budget!C104 -> 611 | E104: =Budget!D104 -> Matières pédagogiques non amortissables
D105: =Budget!D105 -> 6110 | E105: =Budget!E105 -> Manuels scolaires | F105: =Budget!F105 -> PM | G105: ='Suivi Dépenses'!F451 -> 0 | H105: 0 | I105: 0 | J105: =SUM(F105,H105,-I105) -> 0
D106: =Budget!D106 -> 6112 | E106: =Budget!E106 -> Matériel de laboratoire | F106: =Budget!F106 -> PM | G106: ='Suivi Dépenses'!F500 -> 0 | H106: 0 | I106: 0 | J106: =SUM(F106,H106,-I106) -> 0
D107: =Budget!D107 -> 6113 | E107: =Budget!E107 -> Matériel de sport | F107: =Budget!F107 -> PM | G107: ='Suivi Dépenses'!F544 -> 0 | H107: 0 | I107: 0 | J107: =SUM(F107,H107,-I107) -> 0
D108: =Budget!D108 -> 6114 | E108: =Budget!E108 -> Outillage individuel | F108: =Budget!F108 -> PM | G108: ='Suivi Dépenses'!F594 -> 0 | H108: 0 | I108: 0 | J108: =SUM(F108,H108,-I108) -> 0
D109: =Budget!D109 -> 6115 | E109: =Budget!E109 -> Documentation pédagogique | F109: =Budget!F109 -> PM | G109: ='Suivi Dépenses'!F647 -> 0 | J109: =SUM(F109,H109,-I109) -> 0
D110: =Budget!D110 -> 6117 | E110: =Budget!E110 -> Frais de cartes scolaires + photo BEPC | F110: =Budget!F110 -> 395000 | G110: ='Suivi Dépenses'!F700 -> 395000 | J110: =SUM(F110,H110,-I110) -> 395000
D111: =Budget!D111 -> 6118 | E111: =Budget!E111 -> Autre matériel pédagogique non amortissable : Equipement en matériel didactique | F111: =Budget!F111 -> 0 | G111: ='Suivi Dépenses'!F747 -> 0 | J111: =SUM(F111,H111,-I111) -> 0
B112: =Budget!B112 -> TOTAL CP 61 | F112: =SUM(F101:F111) -> 1625000 | G112: =SUM(G101:G111) -> 1625000 | H112: =SUM(H101:H111) -> 0 | I112: =SUM(I101:I111) -> 0 | J112: =SUM(J101:J111) -> 1625000
B113: =Budget!B113 -> 62 | E113: =Budget!C113 -> TRANSPORTS CONSOMMES
C114: =Budget!C114 -> 621 | E114: =Budget!D114 -> Frais de mission pour sorties pédagogiques | F114: =Budget!G114 -> 0 | G114: ='Suivi Dépenses'!F798 -> 0 | H114: 0 | I114: 0 | J114: =SUM(F114,H114,-I114) -> 0
C115: =Budget!C115 -> 622 | E115: =Budget!D115 -> Frais de déplacement des élèves | F115: =Budget!G115 -> 0 | G115: ='Suivi Dépenses'!F843 -> 0 | H115: 0 | I115: 0 | J115: =SUM(F115,H115,-I115) -> 0
C116: =Budget!C116 -> 623 | E116: =Budget!D116 -> Frais de déplacement pour activités sportive et culturelle | F116: =Budget!G116 -> 20000 | G116: ='Suivi Dépenses'!F901 -> 20000 | H116: 0 | I116: 0 | J116: =SUM(F116,H116,-I116) -> 20000
C117: =Budget!C117 -> 629 | E117: =Budget!D117 -> Autres transports consommés | F117: =Budget!G117 -> 0 | G117: ='Suivi Dépenses'!F956 -> 0 | H117: 0 | I117: 0 | J117: =SUM(F117,H117,-I117) -> 0
B118: =Budget!B118 -> TOTAL CP 62 | F118: =SUM(F114:F117) -> 20000 | G118: =SUM(G114:G117) -> 20000 | H118: =SUM(H114:H117) -> 0 | I118: =SUM(I114:I117) -> 0 | J118: =SUM(J114:J117) -> 20000
B119: =Budget!B119 -> 63 | E119: =Budget!C119 -> AUTRES SERVICES CONSOMMES
C120: =Budget!C120 -> 631 | E120: =Budget!D120 -> Entretien et maintenance
D121: =Budget!D121 -> 6312 | E121: =Budget!E121 -> Entretien du matériel et mobilier scolaire | F121: =Budget!F121 -> PM | G121: ='Suivi Dépenses'!F1015 -> 0 | J121: =SUM(F121,H121,-I121) -> 0
D122: =Budget!D122 -> 6316 | E122: =Budget!E122 -> Entretien du matériel de laboratoire | F122: =Budget!F122 -> PM | G122: ='Suivi Dépenses'!F1073 -> 0 | J122: =SUM(F122,H122,-I122) -> 0
D123: =Budget!D123 -> 6319 | E123: =Budget!E123 -> Autres entretiens | F123: =Budget!F123 -> PM | G123: ='Suivi Dépenses'!F1119 -> 0 | J123: =SUM(F123,H123,-I123) -> 0
B124: =Budget!B124 -> TOTAL CP 63 | F124: =SUM(F121:F123) -> 0 | G124: =SUM(G121:G123) -> 0 | H124: =SUM(H121:H123) -> 0 | I124: =SUM(I121:I123) -> 0 | J124: =SUM(J121:J123) -> 0
B125: =Budget!B125 -> 64 | E125: =Budget!C125 -> CHARGES ET PERTES DIVERSES
C126: =Budget!C126 -> 643 | E126: =Budget!D126 -> Affiliation-enseignement-licences sportives | F126: =Budget!G126 -> 0 | G126: ='Suivi Dépenses'!F1176 -> 0 | H126: 0 | I126: 0 | J126: =SUM(F126,H126,-I126) -> 0
C127: =Budget!C127 -> 644 | E127: =Budget!D127 -> Distribution de prix | F127: =Budget!G127 -> 0 | G127: ='Suivi Dépenses'!F1218 -> 0 | H127: 0 | J127: =SUM(F127,H127,-I127) -> 0
B128: =Budget!B128 -> TOTAL CP 64 | F128: =SUM(F126:F127) -> 0 | G128: =SUM(G126:G127) -> 0 | H128: =SUM(H126:H127) -> 0 | I128: =SUM(I126:I127) -> 0 | J128: =SUM(J126:J127) -> 0
B129: =Budget!B129 -> 65 | E129: =Budget!C129 -> FRAIS DE PERSONNEL
C130: =Budget!C130 -> 650 | E130: =Budget!D130 -> Salaires et appointements
D131: =Budget!D131 -> 0 | E131: =Budget!E131 -> 0 | F131: =Budget!F131 -> PM | G131: ='Suivi Dépenses'!F1273 -> 0 | H131: 0 | I131: 0 | J131: =SUM(F131,H131,-I131) -> 0
B132: =Budget!B132 -> TOTAL CP 65 | F132: =SUM(F131:F131) -> 0 | G132: =SUM(G131:G131) -> 0 | H132: =SUM(H131:H131) -> 0 | I132: =SUM(I131:I131) -> 0 | J132: =SUM(J131:J131) -> 0
B133: =Budget!B133 -> TOTAL CHAPITRE A | F133: =SUM(F98,F112,F118,F124,F128,F132) -> 2905000 | G133: =SUM(G98,G112,G118,G124,G128,G132) -> 2905000 | H133: =SUM(H98,H112,H118,H124,H128,H132) -> 0 | I133: =SUM(I98,I112,I118,I124,I128,I132) -> 0 | J133: =SUM(J98,J112,J118,J124,J128,J132) -> 2905000
J135: =J133/I32 -> 0.49410821
E140: =Budget!E140 -> CHAPITRE B : CHARGES GENERALES
B142: =Budget!B142 -> CP | C142: =Budget!C142 -> CD | D142: =Budget!D142 -> SC | E142: =Budget!E142 -> INTITULÉS | F142: Crédit | H142: Décision | J142: Crédit ouvert
B143: =Budget!B143 -> 61 | E143: =Budget!C143 -> MATIERES, MATERIELS ET FOURNITURES CONSOMMEES | F143: Autorisé | G143: Disponible | H143: + | I143: -
C144: =Budget!C144 -> 610 | E144: =Budget!D144 -> Matières et fournitures consommées
D145: =Budget!D145 -> 6101 | E145: =Budget!E145 -> Fournitures administratives (imprimés techniques, fournitures de matériel technique) | F145: =Budget!F145 -> 291000 | G145: ='Suivi Dépenses'!F1329 -> 291000 | J145: =SUM(F145,H145,-I145) -> 291000
D146: =Budget!D146 -> 6103 | E146: =Budget!E146 -> Fournitures et petits matériels d’entretien | F146: =Budget!F146 -> 76750 | G146: ='Suivi Dépenses'!F1383 -> 76750 | H146: 0 | J146: =SUM(F146,H146,-I146) -> 76750
D147: =Budget!D147 -> 6105 | E147: =Budget!E147 -> Infirmerie et produits pharmaceutiques ; petits matériels d’infirmerie | F147: =Budget!F147 -> 0 | G147: ='Suivi Dépenses'!F1440 -> 0 | H147: 0 | I147: 0 | J147: =SUM(F147,H147,-I147) -> 0
D148: =Budget!D148 -> 6107 | E148: =Budget!E148 -> Electricité et eau | F148: =Budget!F148 -> 250000 | G148: ='Suivi Dépenses'!F1508 -> 210725 | H148: 0 | J148: =SUM(F148,H148,-I148) -> 250000
D149: =Budget!D149 -> 6109 | E149: =Budget!E149 -> Autre matériels et fournitures consommés | F149: =Budget!F149 -> 0 | G149: ='Suivi Dépenses'!F1545 -> 0 | H149: 0 | I149: 0 | J149: =SUM(F149,H149,-I149) -> 0
B150: =Budget!B150 -> TOTAL CP 61 | F150: =SUM(F145:F149) -> 617750 | G150: =SUM(G145:G149) -> 578475 | H150: =SUM(H145:H149) -> 0 | I150: =SUM(I145:I149) -> 0 | J150: =SUM(J145:J149) -> 617750
B151: =Budget!B151 -> 62 | E151: =Budget!C151 -> TRANSPORTS CONSOMMES
C152: =Budget!C152 -> 620 | E152: =Budget!D152 -> Frais de mission | F152: =Budget!G152 -> 180000 | G152: ='Suivi Dépenses'!F1611 -> 180000 | I152: 0 | J152: =SUM(F152,H152,-I152) -> 180000
C153: =Budget!C153 -> 629 | E153: =Budget!D153 -> Autres transports consommés | F153: =Budget!G153 -> 0 | G153: ='Suivi Dépenses'!F1660 -> 0 | H153: 0 | I153: 0 | J153: =SUM(F153,H153,-I153) -> 0
...

Sheet Suivi Recettes
B1: RÉPUBLIQUE DU BÉNIN MINISTÈRE DES ENSEIGNEMENTS SECONDAIRE, TECHNIQUE ET DE LA FORMATION PROFESSIONNELLE ************* SECRÉTARIAT GÉNÉRAL DU MINISTÈRE *-*-*-*-*- DIRECTION DÉPARTEMENTALE DES ENSEIGNEMENTS SECONDAIRE, TECHNIQUE ET DE LA FORMATION PROFESSIONNELLE DU ZOU ********
B2: =Entête!B1 -> COLLEGE D'ENSEIGNEMENT GENERAL ZOUKOU
B3: =Entête!B2 -> IFU: 4202495877266
A13: FICHES DE SUIVI DES RECETTES
C19: =Entête!E3 -> Exercice : 2025 - 2026
A60: CHAPITRE : | C60: =Budget!A4 -> I | E60: Crédit autorisé: | G60: =Budget!$G$5 -> 15600
A61: =Budget!B3 -> CP | C61: =Budget!B4 -> 70 | E61: Décisions modificatives: | G61: =IF(CB!G6>0,CB!G6,-CB!H6) -> 0
A62: =Budget!C3 -> CD | C62: =Budget!C5 -> 701 | E62: Total crédit ouvert: | G62: =SUM(G60:G61) -> 15600
A63: SC
A65: DESIGNATION : | C65: =Budget!D5 -> Certificat et attestation de scolarité; fiche de transfert
A66: Date | B66: N° Recette | C66: DESIGNATION DES RECETTES | D66: MONTANT | E66: MONTANT CUMULE | F66: RESTE A RECOUVRER | G66: OBSER
E67: =D67 -> 0 | F67: =G62-E67 -> 15600
E68: =SUM(E67,D68) -> 0 | F68: =F67-D68 -> 15600
E69: =SUM(E68,D69) -> 0 | F69: =F68-D69 -> 15600
E70: =SUM(E69,D70) -> 0 | F70: =F69-D70 -> 15600
E71: =SUM(E70,D71) -> 0 | F71: =F70-D71 -> 15600
E72: =SUM(E71,D72) -> 0 | F72: =F71-D72 -> 15600
E73: =SUM(E72,D73) -> 0 | F73: =F72-D73 -> 15600
E74: =SUM(E73,D74) -> 0 | F74: =F73-D74 -> 15600
E75: =SUM(E74,D75) -> 0 | F75: =F74-D75 -> 15600
F77: Prévu | G77: Réalisé
D78: =A62 -> CD | E78: =C62 -> 701 | F78: =G62 -> 15600 | G78: =E75 -> 0
A118: CHAPITRE : | C118: =Budget!A4 -> I | E118: Crédit autorisé: | G118: =Budget!$G$6 -> 395000
A119: =Budget!B3 -> CP | C119: =Budget!B4 -> 70 | E119: Décisions modificatives: | G119: =IF(CB!G7>0,CB!G7,-CB!H7) -> 0
A120: =Budget!C3 -> CD | C120: =Budget!C6 -> 702 | E120: Total crédit ouvert: | G120: =SUM(G118:G119) -> 395000
A121: =Budget!D3 -> SC
A123: DESIGNATION : | C123: =Budget!D6 -> Carte d'identité scolaire 350 x 1 000F = 350 000 Photo BEPC 45 x 1 000F
A124: Date | B124: N° Recette | C124: DESIGNATION DES RECETTES | D124: MONTANT | E124: MONTANT CUMULE | F124: RESTE A RECOUVRER | G124: OBSER
A125: 45918 | B125: 2 | C125: Frais de carte d'identité scolaire | D125: 80750 | E125: =D125 -> 80750 | F125: =G120-E125 -> 314250
E126: =SUM(E125,D126) -> 80750 | F126: =F125-D126 -> 314250
E127: =SUM(E126,D127) -> 80750 | F127: =F126-D127 -> 314250
E128: =SUM(E127,D128) -> 80750 | F128: =F127-D128 -> 314250
E129: =SUM(E128,D129) -> 80750 | F129: =F128-D129 -> 314250
E130: =SUM(E129,D130) -> 80750 | F130: =F129-D130 -> 314250
E131: =SUM(E130,D131) -> 80750 | F131: =F130-D131 -> 314250
E132: =SUM(E131,D132) -> 80750 | F132: =F131-D132 -> 314250
F134: Prévu | G134: Réalisé
D135: =A120 -> CD | E135: =C120 -> 702 | F135: =G120 -> 395000 | G135: =E132 -> 80750
A177: CHAPITRE : | C177: =Budget!A4 -> I | E177: Crédit autorisé: | G177: =Budget!$F$8 -> 0
A178: =Budget!B3 -> CP | C178: =Budget!B4 -> 70 | E178: Décisions modificatives: | G178: =IF(CB!G9>0,CB!G9,-CB!H9) -> 0
A179: =Budget!C3 -> CD | C179: =Budget!C7 -> 709 | E179: Total crédit ouvert: | G179: =SUM(G177:G178) -> 0
A180: =Budget!D3 -> SC | C180: =Budget!D8 -> 7090
A182: DESIGNATION : | C182: =Budget!E8 -> 0
A183: Date | B183: N° Recette | C183: DESIGNATION DES RECETTES | D183: MONTANT | E183: MONTANT CUMULE | F183: RESTE A RECOUVRER | G183: OBSER
E184: =D184 -> 0 | F184: =G179-D184 -> 0
E185: =SUM(E184,D185) -> 0 | F185: =F184-D185 -> 0
E186: =SUM(E185,D186) -> 0 | F186: =F185-D186 -> 0
F188: Prévu | G188: Réalisé
D189: =A180 -> SC | E189: =C180 -> 7090 | F189: =G179 -> 0 | G189: =E186 -> 0
D190: =A179 -> CD | E190: =C179 -> 709 | F190: =G179 -> 0 | G190: =E186 -> 0
D191: =A178 -> CP | E191: =C178 -> 70 | F191: =SUM(F78,F135,F190) -> 410600 | G191: =SUM(G78,G135,G190) -> 80750
A232: CHAPITRE : | C232: =Budget!A10 -> II | E232: Crédit autorisé: | G232: =Budget!F12 -> PM
A233: =Budget!B3 -> CP | C233: =Budget!B10 -> 71 | E233: Décisions modificatives: | G233: =IF(CB!G13>0,CB!G13,-CB!H13) -> 0
A234: =Budget!C3 -> CD | C234: =Budget!C11 -> 712 | E234: Total crédit ouvert: | G234: =SUM(G232:G233) -> 0
A235: =Budget!D3 -> SC | C235: =Budget!D12 -> 7121
A237: DESIGNATION : | C237: =Budget!E12 -> Manifestations culturelles et sportives
A238: Date | B238: N° Recette | C238: DESIGNATION DES RECETTES | D238: MONTANT | E238: MONTANT CUMULE | F238: RESTE A RECOUVRER | G238: OBSER
E239: =D239 -> 0 | F239: =G234-D239 -> 0
E240: =SUM(E239,D240) -> 0 | F240: =F239-D240 -> 0
E241: =SUM(E240,D241) -> 0 | F241: =F240-D241 -> 0
E242: =SUM(E241,D242) -> 0 | F242: =F241-D242 -> 0
E243: =SUM(E242,D243) -> 0 | F243: =F242-D243 -> 0
E244: =SUM(E243,D244) -> 0 | F244: =F243-D244 -> 0
E245: =SUM(E244,D245) -> 0 | F245: =F244-D245 -> 0
F247: Prévu | G247: Réalisé
D248: =A235 -> SC | E248: =C235 -> 7121 | F248: =G234 -> 0 | G248: =E245 -> 0
A286: CHAPITRE : | C286: =Budget!A10 -> II | E286: Crédit autorisé: | G286: =Budget!F13 -> 87000
A287: =Budget!B3 -> CP | C287: =Budget!B10 -> 71 | E287: Décisions modificatives: | G287: =IF(CB!G14>0,CB!G14,-CB!H14) -> 0
A288: =Budget!C3 -> CD | C288: =Budget!C11 -> 712 | E288: Total crédit ouvert: | G288: =SUM(G286:G287) -> 87000
A289: =Budget!D3 -> SC | C289: =Budget!D13 -> 7122
A291: DESIGNATION : | C291: =Budget!E13 -> Locations diverses (Droits de place: vendeuses 42 000f; Kiosque 45 000f)
A292: Date | B292: N° Recette | C292: DESIGNATION DES RECETTES | D292: MONTANT | E292: MONTANT CUMULE | F292: RESTE A RECOUVRER | G292: OBSER
E293: =D293 -> 0 | F293: =G288-D293 -> 87000
E294: =SUM(E293,D294) -> 0 | F294: =F293-D294 -> 87000
E295: =SUM(E294,D295) -> 0 | F295: =F294-D295 -> 87000
E296: =SUM(E295,D296) -> 0 | F296: =F295-D296 -> 87000
E297: =SUM(E296,D297) -> 0 | F297: =F296-D297 -> 87000
E298: =SUM(E297,D298) -> 0 | F298: =F297-D298 -> 87000
F300: Prévu | G300: Réalisé
D301: =A289 -> SC | E301: =C289 -> 7122 | F301: =G288 -> 87000 | G301: =E298 -> 0
A340: CHAPITRE : | C340: =Budget!A10 -> II | E340: Crédit autorisé: | G340: =Budget!F14 -> PM
A341: =Budget!B3 -> CP | C341: =Budget!B10 -> 71 | E341: Décisions modificatives: | G341: =IF(CB!G15>0,CB!G15,-CB!H15) -> 0
A342: =Budget!C3 -> CD | C342: =Budget!C11 -> 712 | E342: Total crédit ouvert: | G342: =SUM(G340:G341) -> 0
A343: =Budget!D3 -> SC | C343: =Budget!D14 -> 7129
A345: DESIGNATION : | C345: =Budget!E14 -> Autres produits
A346: Date | B346: N° Recette | C346: DESIGNATION DES RECETTES | D346: MONTANT | E346: MONTANT CUMULE | F346: RESTE A RECOUVRER | G346: OBSER
E347: =D347 -> 0 | F347: =G342-D347 -> 0
E348: =SUM(E347,D348) -> 0 | F348: =F347-D348 -> 0
E349: =SUM(E348,D349) -> 0 | F349: =F348-D349 -> 0
E350: =SUM(E349,D350) -> 0 | F350: =F349-D350 -> 0
E351: =SUM(E350,D351) -> 0 | F351: =F350-D351 -> 0
E352: =SUM(E351,D352) -> 0 | F352: =F351-D352 -> 0
F354: Prévu | G354: Réalisé
D355: =A343 -> SC | E355: =C343 -> 7129 | F355: =G342 -> 0 | G355: =E352 -> 0
D356: =A342 -> CD | E356: =C342 -> 712 | F356: =SUM(F248,F301,F355) -> 87000 | G356: =SUM(G248,G301,G355) -> 0
A399: CHAPITRE : | C399: =Budget!A10 -> II | E399: Crédit autorisé: | G399: =Budget!$F$16 -> 3192000
A400: CP | C400: =Budget!B10 -> 71 | E400: Décisions modificatives: | G400: =IF(CB!G17>0,CB!G17,-CB!H17) -> 0
A401: CD | C401: =Budget!C15 -> 714 | E401: Total crédit ouvert: | G401: =SUM(G399:G400) -> 3192000
A402: SC | C402: =Budget!D16 -> 7140
A404: DESIGNATION : | C404: =Budget!E16 -> Droits de scolarité : (Contribuables - filles du cyc 1) x 12 000 (418-152) x 12 000
...

Sheet Suivi Dépenses
B1: RÉPUBLIQUE DU BÉNIN MINISTÈRE DES ENSEIGNEMENTS SECONDAIRE, TECHNIQUE ET DE LA FORMATION PROFESSIONNELLE ************* SECRÉTARIAT GÉNÉRAL DU MINISTÈRE *-*-*-*-*- DIRECTION DÉPARTEMENTALE DES ENSEIGNEMENTS SECONDAIRE, TECHNIQUE ET DE LA FORMATION PROFESSIONNELLE DU ZOU ********
B2: =Entête!B1 -> COLLEGE D'ENSEIGNEMENT GENERAL ZOUKOU
B3: =Entête!B2 -> IFU: 4202495877266
A13: FICHES DE SUIVI DES DÉPENSES
C19: =Entête!E3 -> Exercice : 2025 - 2026
A55: CHAPITRE : | C55: =Budget!A86 -> A | E55: Crédit autorisé: | G55: =Budget!F92 -> 96000
A56: =Budget!B89 -> CP | C56: =Budget!B90 -> 60 | E56: Décisions modificatives: | G56: =IF(CB!H92>0,CB!H92,-CB!I92) -> 0
A57: =Budget!C89 -> CD | C57: =Budget!C91 -> 600 | E57: Total crédit ouvert: | G57: =SUM(G55:G56) -> 96000
A58: =Budget!D89 -> SC | C58: =Budget!D92 -> 6001
A60: DESIGNATION : | C60: =Budget!E92 -> Animation Pédagogigue de Zone (APZ)
A61: Date | B61: N° Dpse | C61: DESIGNATION DES DEPENSES | D61: MONTANT | E61: MONTANT CUMULE | F61: DISPONIBLE | G61: OBSER
E62: =D62 -> 0 | F62: =G57-E62 -> 96000
E63: =SUM(E62,D63) -> 0 | F63: =F62-D63 -> 96000
E64: =SUM(E63,D64) -> 0 | F64: =F63-D64 -> 96000
E65: =SUM(E64,D65) -> 0 | F65: =F64-D65 -> 96000
E66: =SUM(E65,D66) -> 0 | F66: =F65-D66 -> 96000
E68: Ouvert | F68: Consommé
D69: =C58 -> 6001 | E69: =G57 -> 96000 | F69: =E66 -> 0
A102: CHAPITRE : | C102: =Budget!A86 -> A | E102: Crédit autorisé: | G102: =Budget!F93 -> 450000
A103: =Budget!B89 -> CP | C103: =Budget!B90 -> 60 | E103: Décisions modificatives: | G103: =IF(CB!H93>0,CB!H93,-CB!I93) -> 0
A104: =Budget!C89 -> CD | C104: =Budget!C91 -> 600 | E104: Total crédit ouvert: | G104: =SUM(G102:G103) -> 450000
A105: =Budget!D89 -> SC | C105: =Budget!D93 -> 6002
A107: DESIGNATION : | C107: =Budget!E93 -> Primes PP 09 et AE 06: 15 000f x 15 x 2
A108: Date | B108: N° Dpse | C108: DESIGNATION DES DEPENSES | D108: MONTANT | E108: MONTANT CUMULE | F108: DISPONIBLE | G108: OBSER
E109: =D109 -> 0 | F109: =G104-E109 -> 450000
E110: =SUM(E109,D110) -> 0 | F110: =F109-D110 -> 450000
E111: =SUM(E110,D111) -> 0 | F111: =F110-D111 -> 450000
E113: Ouvert | F113: Consommé
D114: =C105 -> 6002 | E114: =G104 -> 450000 | F114: =E111 -> 0
A148: CHAPITRE : | C148: =Budget!A86 -> A | E148: Crédit autorisé: | G148: =Budget!F94 -> 300000
A149: =Budget!B89 -> CP | C149: =Budget!B90 -> 60 | E149: Décisions modificatives: | G149: =IF(CB!H94>0,CB!H94,-CB!I94) -> 0
A150: =Budget!C89 -> CD | C150: =Budget!C91 -> 600 | E150: Total crédit ouvert: | G150: =SUM(G148:G149) -> 300000
A151: =Budget!D89 -> SC | C151: =Budget!D94 -> 6003
A153: DESIGNATION : | C153: =Budget!E94 -> Organisation des travaux dirigés (TD)
A154: Date | B154: N° Dpse | C154: DESIGNATION DES DEPENSES | D154: MONTANT | E154: MONTANT CUMULE | F154: DISPONIBLE | G154: OBSER
E155: =D155 -> 0 | F155: =G150-E155 -> 300000
E156: =SUM(E155,D156) -> 0 | F156: =F155-D156 -> 300000
E157: =SUM(E156,D157) -> 0 | F157: =F156-D157 -> 300000
E158: =SUM(E157,D158) -> 0 | F158: =F157-D158 -> 300000
E159: =SUM(E158,D159) -> 0 | F159: =F158-D159 -> 300000
E160: =SUM(E159,D160) -> 0 | F160: =F159-D160 -> 300000
E161: =SUM(E160,D161) -> 0 | F161: =F160-D161 -> 300000
E162: =SUM(E161,D162) -> 0 | F162: =F161-D162 -> 300000
E163: =SUM(E162,D163) -> 0 | F163: =F162-D163 -> 300000
E164: =SUM(E163,D164) -> 0 | F164: =F163-D164 -> 300000
E165: =SUM(E164,D165) -> 0 | F165: =F164-D165 -> 300000
E166: =SUM(E165,D166) -> 0 | F166: =F165-D166 -> 300000
E167: =SUM(E166,D167) -> 0 | F167: =F166-D167 -> 300000
E169: Ouvert | F169: Consommé
D170: =C151 -> 6003 | E170: =G150 -> 300000 | F170: =E167 -> 0
A193: CHAPITRE : | C193: =Budget!A86 -> A | E193: Crédit autorisé: | G193: =Budget!F95 -> 144000
A194: =Budget!B89 -> CP | C194: =Budget!B90 -> 60 | E194: Décisions modificatives: | G194: =IF(CB!H95>0,CB!H95,-CB!I95) -> 0
A195: =Budget!C89 -> CD | C195: =Budget!C91 -> 600 | E195: Total crédit ouvert: | G195: =SUM(G193:G194) -> 144000
A196: =Budget!D89 -> SC | C196: =Budget!D95 -> 6004
A198: DESIGNATION : | C198: =Budget!E95 -> Examens blancs: Secrétariat 16 000f; BEPC 49 000f; BAC 63 000f (NB: All + Esp = un correcteur)
A199: Secrétariat : 16 000 f; Correction (BEPC : 7 000 x 8 ; BAC : 9 000 x 8 ); NB : Allemand + Espagnol = un (01) correcteur
A200: Date | B200: N° Dpse | C200: DESIGNATION DES DEPENSES | D200: MONTANT | E200: MONTANT CUMULE | F200: DISPONIBLE | G200: OBSER
E201: =D201 -> 0 | F201: =G195-E201 -> 144000
E202: =SUM(E201,D202) -> 0 | F202: =F201-D202 -> 144000
E203: =SUM(E202,D203) -> 0 | F203: =F202-D203 -> 144000
E204: =SUM(E203,D204) -> 0 | F204: =F203-D204 -> 144000
E206: Ouvert | F206: Consommé
D207: =C196 -> 6004 | E207: =G195 -> 144000 | F207: =E204 -> 0
D208: =C195 -> 600 | E208: =SUM(E69,E114,E170,E207) -> 990000 | F208: =SUM(F69,F114,F170,F207) -> 0
A239: CHAPITRE : | C239: =Budget!A86 -> A | E239: Crédit autorisé: | G239: =Budget!F97 -> 270000
A240: =Budget!B89 -> CP | C240: =Budget!B90 -> 60 | E240: Décisions modificatives: | G240: =IF(CB!H97>0,CB!H97,-CB!I97) -> 0
A241: =Budget!C89 -> CD | C241: =Budget!C96 -> 601 | E241: Total crédit ouvert: | G241: =SUM(G239:G240) -> 270000
A242: =Budget!D89 -> SC | C242: =Budget!D97 -> 6010
A244: DESIGNATION : | C244: =Budget!E97 -> Formation des personnels
A245: Date | B245: N° Dpse | C245: DESIGNATION DES DEPENSES | D245: MONTANT | E245: MONTANT CUMULE | F245: DISPONIBLE | G245: OBSER
E246: =D246 -> 0 | F246: =G241-E246 -> 270000
E247: =SUM(E246,D247) -> 0 | F247: =F246-D247 -> 270000
E248: =SUM(E247,D248) -> 0 | F248: =F247-D248 -> 270000
E249: =SUM(E248,D249) -> 0 | F249: =F248-D249 -> 270000
E250: =SUM(E249,D250) -> 0 | F250: =F249-D250 -> 270000
E251: =SUM(E250,D251) -> 0 | F251: =F250-D251 -> 270000
E252: =SUM(E251,D252) -> 0 | F252: =F251-D252 -> 270000
E253: =SUM(E252,D253) -> 0 | F253: =F252-D253 -> 270000
E254: =SUM(E253,D254) -> 0 | F254: =F253-D254 -> 270000
E255: =SUM(E254,D255) -> 0 | F255: =F254-D255 -> 270000
E256: =SUM(E255,D256) -> 0 | F256: =F255-D256 -> 270000
E258: Ouvert | F258: Consommé
D259: =C242 -> 6010 | E259: =G241 -> 270000 | F259: =E256 -> 0
D260: =C241 -> 601 | E260: =E259 -> 270000 | F260: =F259 -> 0
D261: =C240 -> 60 | E261: =SUM(E208,E260) -> 1260000 | F261: =SUM(F208,F260) -> 0
A285: CHAPITRE : | C285: =Budget!A86 -> A | E285: Crédit autorisé: | G285: =Budget!F101 -> 630000
A286: =Budget!B89 -> CP | C286: =Budget!B99 -> 61 | E286: Décisions modificatives: | G286: =IF(CB!H101>0,CB!H101,-CB!I101) -> 0
A287: =Budget!C89 -> CD | C287: =Budget!C100 -> 610 | E287: Total crédit ouvert: | G287: =SUM(G285:G286) -> 630000
A288: =Budget!D89 -> SC | C288: =Budget!D101 -> 6100
A290: DESIGNATION : | C290: =Budget!E101 -> Fournitures scolaires
A292: Date | B292: N° Dpse | C292: DESIGNATION DES DEPENSES | D292: MONTANT | E292: MONTANT CUMULE | F292: DISPONIBLE | G292: OBSER
E293: =D293 -> 0 | F293: =G287-E293 -> 630000
E294: =SUM(E293,D294) -> 0 | F294: =F293-D294 -> 630000
E295: =SUM(E294,D295) -> 0 | F295: =F294-D295 -> 630000
E296: =SUM(E295,D296) -> 0 | F296: =F295-D296 -> 630000
E297: =SUM(E296,D297) -> 0 | F297: =F296-D297 -> 630000
E298: =SUM(E297,D298) -> 0 | F298: =F297-D298 -> 630000
E300: Ouvert | F300: Consommé
D301: =C288 -> 6100 | E301: =G287 -> 630000 | F301: =E298 -> 0
A331: CHAPITRE : | C331: =Budget!A86 -> A | E331: Crédit autorisé: | G331: =Budget!F102 -> 0
...

Sheet Bilan Produits
C1: LES RECETTES
E3: TABLEAU N° 1 : RÉSUMÉ DES RECETTES
C5: Chp | D5: CP | E5: INTITULÉS | F5: Recettes | H5: Écarts | J5: %
F6: Prévues | G6: Réalisées | H6: - | I6: +
C7: =A20 -> I | D7: =B20 -> 70 | E7: =C20 -> VENTE DES IMPRIMES | F7: =F25 -> 410600 | G7: =G25 -> 80750 | H7: =IF(G7-F7>=0,"-",ABS(G7-F7)) -> 329850 | I7: =IF(G7-F7<=0,"-",G7-F7) -> - | J7: =IF(F7=0,"-",G7*100/F7) -> 19.666342
C8: =A26 -> II | D8: =B26 -> 71 | E8: =C26 -> PRODUITS SCOLAIRES, PRESTATION DE SERVICE, AUTRES PRODUITS | F8: =F37 -> 3644679 | G8: =G37 -> #REF! | H8: =IF(G8-F8>=0,"-",ABS(G8-F8)) -> #REF! | I8: =IF(G8-F8<=0,"-",G8-F8) -> #REF! | J8: =IF(F8=0,"-",G8*100/F8) -> #REF!
C9: =A38 -> III | D9: =B38 -> 76 | E9: =C38 -> SUBVENTIONS | F9: =F42 -> 1824000 | G9: =G42 -> 0 | H9: =IF(G9-F9>=0,"-",ABS(G9-F9)) -> 1824000 | I9: =IF(G9-F9<=0,"-",G9-F9) -> - | J9: =IF(F9=0,"-",G9*100/F9) -> 0
C10: =A43 -> IV | D10: =B43 -> 77 | E10: =C43 -> INTERETS ET DIVIDENDES REÇUS | F10: =F45 -> 0 | G10: =G45 -> 0 | H10: =IF(G10-F10>=0,"-",ABS(G10-F10)) -> - | I10: =IF(G10-F10<=0,"-",G10-F10) -> - | J10: =IF(F10=0,"-",G10*100/F10) -> -
C11: TOTAL GENERAL | F11: =SUM(F7:F10) -> 5879279 | G11: =SUM(G7:G10) -> #REF! | H11: =IF(G11-F11>=0,"-",ABS(G11-F11)) -> #REF! | I11: =IF(G11-F11<=0,"-",G11-F11) -> #REF! | J11: =IF(F11=0,"-",G11*100/F11) -> #REF!
D16: TABLEAU N° 2 : DETAILS DES RECETTES
A18: =Budget!A2 -> Chp | B18: =Budget!B3 -> CP | C18: =Budget!C3 -> CD | D18: =Budget!D3 -> SC | E18: =Budget!E2 -> INTITULÉS | F18: Recettes | H18: Écarts | J18: %
F19: Prévues | G19: Réalisées | H19: - | I19: +
A20: =Budget!A4 -> I | B20: =Budget!B4 -> 70 | C20: =Budget!C4 -> VENTE DES IMPRIMES
C21: =Budget!C5 -> 701 | D21: =Budget!D5 -> Certificat et attestation de scolarité; fiche de transfert | F21: ='Suivi Recettes'!F78 -> 15600 | G21: ='Suivi Recettes'!G78 -> 0 | H21: =IF(G21-F21>=0,"-",ABS(G21-F21)) -> 15600 | I21: =IF(G21-F21<=0,"-",G21-F21) -> - | J21: =IF(F21=0,"-",G21*100/F21) -> 0
C22: =Budget!C6 -> 702 | D22: =Budget!D6 -> Carte d'identité scolaire 350 x 1 000F = 350 000 Photo BEPC 45 x 1 000F | F22: ='Suivi Recettes'!F135 -> 395000 | G22: ='Suivi Recettes'!G135 -> 80750 | H22: =IF(G22-F22>=0,"-",ABS(G22-F22)) -> 314250 | I22: =IF(G22-F22<=0,"-",G22-F22) -> - | J22: =IF(F22=0,"-",G22*100/F22) -> 20.443038
C23: =Budget!C7 -> 709 | D23: =Budget!D7 -> Autres ventes | F23: ='Suivi Recettes'!F190 -> 0 | G23: ='Suivi Recettes'!G190 -> 0 | H23: =IF(G23-F23>=0,"-",ABS(G23-F23)) -> - | I23: =IF(G23-F23<=0,"-",G23-F23) -> - | J23: =IF(F23=0,"-",G23*100/F23) -> -
D24: =Budget!D8 -> 7090 | E24: =Budget!E8 -> 0 | F24: ='Suivi Recettes'!F189 -> 0 | G24: ='Suivi Recettes'!G189 -> 0 | H24: =IF(G24-F24>=0,"-",ABS(G24-F24)) -> - | I24: =IF(G24-F24<=0,"-",G24-F24) -> - | J24: =IF(F24=0,"-",G24*100/F24) -> -
B25: =Budget!B9 -> TOTAL CP 70 | F25: ='Suivi Recettes'!F191 -> 410600 | G25: ='Suivi Recettes'!G191 -> 80750 | H25: =IF(G25-F25>=0,"-",ABS(G25-F25)) -> 329850 | I25: =IF(G25-F25<=0,"-",G25-F25) -> - | J25: =IF(F25=0,"-",G25*100/F25) -> 19.666342
A26: =Budget!A10 -> II | B26: =Budget!B10 -> 71 | C26: =Budget!C10 -> PRODUITS SCOLAIRES, PRESTATION DE SERVICE, AUTRES PRODUITS
C27: =Budget!C11 -> 712 | D27: =Budget!D11 -> Prestation de service | F27: ='Suivi Recettes'!F356 -> 87000 | G27: ='Suivi Recettes'!G356 -> 0 | H27: =IF(G27-F27>=0,"-",ABS(G27-F27)) -> 87000 | I27: =IF(G27-F27<=0,"-",G27-F27) -> - | J27: =IF(F27=0,"-",G27*100/F27) -> 0
D28: =Budget!D12 -> 7121 | E28: =Budget!E12 -> Manifestations culturelles et sportives | F28: ='Suivi Recettes'!F248 -> 0 | G28: ='Suivi Recettes'!G248 -> 0 | H28: =IF(G28-F28>=0,"-",ABS(G28-F28)) -> - | I28: =IF(G28-F28<=0,"-",G28-F28) -> - | J28: =IF(F28=0,"-",G28*100/F28) -> -
D29: =Budget!D13 -> 7122 | E29: =Budget!E13 -> Locations diverses (Droits de place: vendeuses 42 000f; Kiosque 45 000f) | F29: ='Suivi Recettes'!F301 -> 87000 | G29: ='Suivi Recettes'!G301 -> 0 | H29: =IF(G29-F29>=0,"-",ABS(G29-F29)) -> 87000 | I29: =IF(G29-F29<=0,"-",G29-F29) -> - | J29: =IF(F29=0,"-",G29*100/F29) -> 0
D30: =Budget!D14 -> 7129 | E30: =Budget!E14 -> Autres produits | F30: ='Suivi Recettes'!F355 -> 0 | G30: ='Suivi Recettes'!G355 -> 0 | H30: =IF(G30-F30>=0,"-",ABS(G30-F30)) -> - | I30: =IF(G30-F30<=0,"-",G30-F30) -> - | J30: =IF(F30=0,"-",G30*100/F30) -> -
C31: =Budget!C15 -> 714 | D31: =Budget!D15 -> Produits scolaires | F31: ='Suivi Recettes'!F563 -> 3456000 | G31: ='Suivi Recettes'!G563 -> 620000 | H31: =IF(G31-F31>=0,"-",ABS(G31-F31)) -> 2836000 | I31: =IF(G31-F31<=0,"-",G31-F31) -> - | J31: =IF(F31=0,"-",G31*100/F31) -> 17.939815
D32: =Budget!D16 -> 7140 | E32: =Budget!E16 -> Droits de scolarité : (Contribuables - filles du cyc 1) x 12 000 (418-152) x 12 000 | F32: ='Suivi Recettes'!F418 -> 3192000 | G32: ='Suivi Recettes'!G418 -> 620000 | H32: =IF(G32-F32>=0,"-",ABS(G32-F32)) -> 2572000 | I32: =IF(G32-F32<=0,"-",G32-F32) -> - | J32: =IF(F32=0,"-",G32*100/F32) -> 19.423559
D33: =Budget!D17 -> 7145 | E33: =Budget!E17 -> Reste à recouvrer | F33: ='Suivi Recettes'!F459 -> 10000 | G33: ='Suivi Recettes'!G459 -> 0 | H33: =IF(G33-F33>=0,"-",ABS(G33-F33)) -> 10000 | I33: =IF(G33-F33<=0,"-",G33-F33) -> - | J33: =IF(F33=0,"-",G33*100/F33) -> 0
D34: =Budget!D18 -> 7146 | E34: =Budget!E18 -> Frais de Dossiers BEPC : 2 800Fx 45; BAC 8 000Fx16 | F34: ='Suivi Recettes'!F511 -> 254000 | G34: ='Suivi Recettes'!G511 -> 0 | H34: =IF(G34-F34>=0,"-",ABS(G34-F34)) -> 254000 | I34: =IF(G34-F34<=0,"-",G34-F34) -> - | J34: =IF(F34=0,"-",G34*100/F34) -> 0
D35: =Budget!D19 -> 7149 | E35: =Budget!E19 -> Autres produits scolaires | F35: ='Suivi Recettes'!F562 -> 0 | G35: ='Suivi Recettes'!G562 -> 0 | H35: =IF(G35-F35>=0,"-",ABS(G35-F35)) -> - | I35: =IF(G35-F35<=0,"-",G35-F35) -> - | J35: =IF(F35=0,"-",G35*100/F35) -> -
C36: =Budget!C20 -> 716 | D36: =Budget!D20 -> Solde de l’exercice antérieur | F36: ='Suivi Recettes'!F596 -> 101679 | G36: ='Suivi Recettes'!G596 -> #REF! | H36: =IF(G36-F36>=0,"-",ABS(G36-F36)) -> #REF! | I36: =IF(G36-F36<=0,"-",G36-F36) -> #REF! | J36: =IF(F36=0,"-",G36*100/F36) -> #REF!
B37: =Budget!B21 -> TOTAL CP 71 | F37: ='Suivi Recettes'!F597 -> 3644679 | G37: ='Suivi Recettes'!G597 -> #REF! | H37: =IF(G37-F37>=0,"-",ABS(G37-F37)) -> #REF! | I37: =IF(G37-F37<=0,"-",G37-F37) -> #REF! | J37: =IF(F37=0,"-",G37*100/F37) -> #REF!
A38: =Budget!A22 -> III | B38: =Budget!B22 -> 76 | C38: =Budget!C22 -> SUBVENTIONS
C39: =Budget!C23 -> 760 | D39: =Budget!D23 -> Subvention de l’État | F39: ='Suivi Recettes'!F695 -> 1824000 | G39: ='Suivi Recettes'!G695 -> 0 | H39: =IF(G39-F39>=0,"-",ABS(G39-F39)) -> 1824000 | I39: =IF(G39-F39<=0,"-",G39-F39) -> - | J39: =IF(F39=0,"-",G39*100/F39) -> 0
D40: =Budget!D24 -> 7605 | E40: =Budget!E24 -> Subvention pour droits de scolarité des filles du 1er cycle : 152 x 12 000 | F40: ='Suivi Recettes'!F642 -> 1824000 | G40: ='Suivi Recettes'!G642 -> 0 | H40: =IF(G40-F40>=0,"-",ABS(G40-F40)) -> 1824000 | I40: =IF(G40-F40<=0,"-",G40-F40) -> - | J40: =IF(F40=0,"-",G40*100/F40) -> 0
D41: =Budget!D25 -> 7606 | E41: =Budget!E25 -> Autres subventions | F41: ='Suivi Recettes'!F694 -> 0 | G41: ='Suivi Recettes'!G694 -> 0 | H41: =IF(G41-F41>=0,"-",ABS(G41-F41)) -> - | I41: =IF(G41-F41<=0,"-",G41-F41) -> - | J41: =IF(F41=0,"-",G41*100/F41) -> -
B42: =Budget!B26 -> TOTAL CP 76 | F42: ='Suivi Recettes'!F696 -> 1824000 | G42: ='Suivi Recettes'!G696 -> 0 | H42: =IF(G42-F42>=0,"-",ABS(G42-F42)) -> 1824000 | I42: =IF(G42-F42<=0,"-",G42-F42) -> - | J42: =IF(F42=0,"-",G42*100/F42) -> 0
A43: =Budget!A27 -> IV | B43: =Budget!B27 -> 77 | C43: =Budget!C27 -> INTERETS ET DIVIDENDES REÇUS
C44: =Budget!C28 -> 771 | D44: =Budget!D28 -> Intérêts des comptes courants créditeurs | F44: ='Suivi Recettes'!F717 -> 0 | G44: ='Suivi Recettes'!G717 -> 0 | H44: =IF(G44-F44>=0,"-",ABS(G44-F44)) -> - | I44: =IF(G44-F44<=0,"-",G44-F44) -> - | J44: =IF(F44=0,"-",G44*100/F44) -> -
B45: =Budget!B29 -> TOTAL CP 77 | F45: ='Suivi Recettes'!F718 -> 0 | G45: ='Suivi Recettes'!G718 -> 0 | H45: =IF(G45-F45>=0,"-",ABS(G45-F45)) -> - | I45: =IF(G45-F45<=0,"-",G45-F45) -> - | J45: =IF(F45=0,"-",G45*100/F45) -> -
A46: =Budget!B31 -> TOTAL PRODUITS : 70 + 71 + 76 + 77 | F46: =SUM(F25,F37,F42,F45) -> 5879279 | G46: =SUM(G25,G37,G42,G45) -> #REF! | H46: =IF(G46-F46>=0,"-",ABS(G46-F46)) -> #REF! | I46: =IF(G46-F46<=0,"-",G46-F46) -> #REF! | J46: =IF(F46=0,"-",G46*100/F46) -> #REF!
F49: Recette | G49: Dépenses réalisées | H49: Solde | I49: Ventilation
F50: ='Suivi Recettes'!F723 -> #REF! | G50: ='Suivi Dépenses'!$F$3161 -> 49175 | H50: =F50-G50 -> #REF! | I50: UBA | K50: CLCAM | L50: CAISSE
E51: Frais de Dossier | I51: =#REF! -> #REF! | K51: =#REF! -> #REF! | L51: ='Bilan Charges'!I182 -> 0
E52: TOTAL | F52: =SUM(F50,F51) -> #REF! | G52: =SUM(G50,G51) -> 49175 | H52: =F52-G52 -> #REF! | I52: =SUM(I51:L51) -> #REF!

Sheet Bilan Charges
A1: CHARGES
D3: TABLEAU N° 3 : RÉSUMÉ DE CHARGES
B5: =Budget!A2 -> Chp | C5: =Budget!B3 -> CP | D5: =Budget!E2 -> INTITULÉS | E5: Crédits | G5: Écarts | I5: %
E6: Ouvert | F6: Consommé | G6: - | H6: +
B7: =Budget!A86 -> A | D7: ACTIVITES EDUCATIVES ET PEDAGOGIQUES
C8: =Budget!B90 -> 60 | D8: Animations pédagogiques et formations | E8: =SUM(G46) -> 1260000 | F8: =SUM(H46) -> 0 | G8: =IF(F8-E8>=0,"-",ABS(F8-E8)) -> 1260000 | H8: =IF(F8-E8<=0,"-",F8-E8) -> - | I8: =IF(E8=0,"-",F8*100/E8) -> 0
C9: =Budget!B99 -> 61 | D9: Matières, matériels et fournitures consommés | E9: =SUM(G60) -> 1625000 | F9: =SUM(H60) -> 0 | G9: =IF(F9-E9>=0,"-",ABS(F9-E9)) -> 1625000 | H9: =IF(F9-E9<=0,"-",F9-E9) -> - | I9: =IF(E9=0,"-",F9*100/E9) -> 0
C10: =Budget!B113 -> 62 | D10: Transports consommés | E10: =SUM(G66) -> 20000 | F10: =SUM(H66) -> 0 | G10: =IF(F10-E10>=0,"-",ABS(F10-E10)) -> 20000 | H10: =IF(F10-E10<=0,"-",F10-E10) -> - | I10: =IF(E10=0,"-",F10*100/E10) -> 0
C11: =Budget!B119 -> 63 | D11: Autres services consommés | E11: =SUM(G72) -> 0 | F11: =SUM(H72) -> 0 | G11: =IF(F11-E11>=0,"-",ABS(F11-E11)) -> - | H11: =IF(F11-E11<=0,"-",F11-E11) -> - | I11: =IF(E11=0,"-",F11*100/E11) -> -
C12: =Budget!B125 -> 64 | D12: Charges et pertes diverses | E12: =SUM(G76) -> 0 | F12: =SUM(H76) -> 0 | G12: =IF(F12-E12>=0,"-",ABS(F12-E12)) -> - | H12: =IF(F12-E12<=0,"-",F12-E12) -> - | I12: =IF(E12=0,"-",F12*100/E12) -> -
C13: =Budget!B129 -> 65 | D13: Frais du personnel | E13: =SUM(G80) -> 0 | F13: =SUM(H80) -> 0 | G13: =IF(F13-E13>=0,"-",ABS(F13-E13)) -> - | H13: =IF(F13-E13<=0,"-",F13-E13) -> - | I13: =IF(E13=0,"-",F13*100/E13) -> -
B14: SOUS-TOTAL A | E14: =SUM(E8:E13) -> 2905000 | F14: =SUM(F8:F13) -> 0 | G14: =SUM(G8:G13) -> 2905000 | H14: =SUM(H8:H13) -> 0 | I14: =IF(E14=0,"-",F14*100/E14) -> 0
B15: B | D15: CHARGES GENERALES
C16: 61 | D16: Matières, matériels et fournitures consommés | E16: =SUM(G97) -> 617750 | F16: =SUM(H97) -> 39275 | G16: =IF(F16-E16>=0,"-",ABS(F16-E16)) -> 578475 | H16: =IF(F16-E16<=0,"-",F16-E16) -> - | I16: =IF(E16=0,"-",F16*100/E16) -> 6.3577499
C17: 62 | D17: Transport consommé | E17: =SUM(G101) -> 180000 | F17: =SUM(H101) -> 0 | G17: =IF(F17-E17>=0,"-",ABS(F17-E17)) -> 180000 | H17: =IF(F17-E17<=0,"-",F17-E17) -> - | I17: =IF(E17=0,"-",F17*100/E17) -> 0
C18: 63 | D18: Autres services consommés | E18: =SUM(G112) -> 448800 | F18: =SUM(H112) -> 9900 | G18: =IF(F18-E18>=0,"-",ABS(F18-E18)) -> 438900 | H18: =IF(F18-E18<=0,"-",F18-E18) -> - | I18: =IF(E18=0,"-",F18*100/E18) -> 2.2058824
C19: 64 | D19: Charges et pertes diverses | E19: =SUM(G115) -> 0 | F19: =SUM(H115) -> 0 | G19: =IF(F19-E19>=0,"-",ABS(F19-E19)) -> - | H19: =IF(F19-E19<=0,"-",F19-E19) -> - | I19: =IF(E19=0,"-",F19*100/E19) -> -
C20: 65 | D20: Frais du personnel | E20: =SUM(G123) -> 749000 | F20: =SUM(H123) -> 0 | G20: =IF(F20-E20>=0,"-",ABS(F20-E20)) -> 749000 | H20: =IF(F20-E20<=0,"-",F20-E20) -> - | I20: =IF(E20=0,"-",F20*100/E20) -> 0
C21: 66 | D21: Impôts et taxes | E21: =SUM(G127) -> 0 | F21: =SUM(H127) -> 0 | G21: =IF(F21-E21>=0,"-",ABS(F21-E21)) -> - | H21: =IF(F21-E21<=0,"-",F21-E21) -> - | I21: =IF(E21=0,"-",F21*100/E21) -> -
C22: 67 | D22: Charges financières | E22: =SUM(G131) -> 3000 | F22: =SUM(H131) -> 0 | G22: =IF(F22-E22>=0,"-",ABS(F22-E22)) -> 3000 | H22: =IF(F22-E22<=0,"-",F22-E22) -> - | I22: =IF(E22=0,"-",F22*100/E22) -> 0
B23: SOUS-TOTAL B | E23: =SUM(E16:E22) -> 1998550 | F23: =SUM(F16:F22) -> 49175 | G23: =SUM(G16:G22) -> 1949375 | H23: =SUM(H16:H22) -> 0 | I23: =IF(E23=0,"-",F23*100/E23) -> 2.4605339
B24: D | D24: TRANSFERTS
C25: 64 | D25: Charges et pertes diverses | E25: =SUM(G148) -> 409600 | F25: =SUM(H148) -> 0 | G25: =IF(F25-E25>=0,"-",ABS(F25-E25)) -> 409600 | H25: =IF(F25-E25<=0,"-",F25-E25) -> - | I25: =IF(E25=0,"-",F25*100/E25) -> 0
B26: SOUS-TOTAL D | E26: =SUM(E25) -> 409600 | F26: =SUM(F25) -> 0 | G26: =SUM(G25) -> 409600 | H26: =SUM(H25) -> 0 | I26: =IF(E26=0,"-",F26*100/E26) -> 0
B27: Z | D27: DEPENSES EN CAPITAL
C28: 69 | D28: Investissements | E28: =SUM(G172) -> 566129 | F28: =SUM(H172) -> 0 | G28: =IF(F28-E28>=0,"-",ABS(F28-E28)) -> 566129 | H28: =IF(F28-E28<=0,"-",F28-E28) -> - | I28: =IF(E28=0,"-",F28*100/E28) -> 0
B29: SOUS-TOTAL Z | E29: =SUM(E28) -> 566129 | F29: =SUM(F28) -> 0 | G29: =SUM(G28) -> 566129 | H29: =SUM(H28) -> 0 | I29: =IF(E29=0,"-",F29*100/E29) -> 0
B31: TOTAL GENERAL | E31: =SUM(E14,E23,E26,E29) -> 5879279 | F31: =SUM(F14,F23,F26,F29) -> 49175 | G31: =SUM(G14,G23,G26,G29) -> 5830104 | H31: =SUM(H14,H23,H26,H29) -> 0 | I31: =IF(E31=0,"-",F31*100/E31) -> 0.83641208
E34: TABLEAU N° 4 : CHAPITRE A : Activités éducatives et pédagogiques
A36: =Budget!B89 -> CP | B36: =Budget!C89 -> CD | C36: =Budget!D89 -> SC | D36: =Budget!E89 -> INTITULÉS | E36: Crédits | G36: Total crédits | I36: Écarts | K36: %
E37: Autorisés | F37: Modif (+/-) | G37: Ouverts | H37: Conso | I37: - | J37: +
A38: =Budget!B90 -> 60 | D38: =Budget!C90 -> ANIMATION PEDAGOGIQUE ET FORMATION
B39: =Budget!C91 -> 600 | D39: =Budget!D91 -> Animation pédagogique | E39: ='Suivi Dépenses'!E208 -> 990000 | F39: =SUM('Suivi Dépenses'!$G$56) -> 0 | G39: =SUM(E39:F39) -> 990000 | H39: ='Suivi Dépenses'!F208 -> 0 | I39: =IF(H39-G39>=0,"-",ABS(H39-G39)) -> 990000 | J39: =IF(H39-G39<=0,"-",H39-G39) -> - | K39: =IF(G39=0,"-",H39*100/G39) -> 0
C40: =Budget!D92 -> 6001 | D40: =Budget!E92 -> Animation Pédagogigue de Zone (APZ) | E40: ='Suivi Dépenses'!E69 -> 96000 | F40: =SUM('Suivi Dépenses'!$G$56) -> 0 | G40: =SUM(E40:F40) -> 96000 | H40: ='Suivi Dépenses'!F69 -> 0 | I40: =IF(H40-G40>=0,"-",ABS(H40-G40)) -> 96000 | J40: =IF(H40-G40<=0,"-",H40-G40) -> - | K40: =IF(G40=0,"-",H40*100/G40) -> 0
C41: =Budget!D93 -> 6002 | D41: =Budget!E93 -> Primes PP 09 et AE 06: 15 000f x 15 x 2 | E41: ='Suivi Dépenses'!E114 -> 450000 | F41: =SUM('Suivi Dépenses'!$G$103) -> 0 | G41: =SUM(E41:F41) -> 450000 | H41: ='Suivi Dépenses'!F114 -> 0 | I41: =IF(H41-G41>=0,"-",ABS(H41-G41)) -> 450000 | J41: =IF(H41-G41<=0,"-",H41-G41) -> - | K41: =IF(G41=0,"-",H41*100/G41) -> 0
C42: =Budget!D94 -> 6003 | D42: =Budget!E94 -> Organisation des travaux dirigés (TD) | E42: ='Suivi Dépenses'!E170 -> 300000 | F42: =SUM('Suivi Dépenses'!$G$149) -> 0 | G42: =SUM(E42:F42) -> 300000 | H42: ='Suivi Dépenses'!F170 -> 0 | I42: =IF(H42-G42>=0,"-",ABS(H42-G42)) -> 300000 | J42: =IF(H42-G42<=0,"-",H42-G42) -> - | K42: =IF(G42=0,"-",H42*100/G42) -> 0
C43: =Budget!D95 -> 6004 | D43: =Budget!E95 -> Examens blancs: Secrétariat 16 000f; BEPC 49 000f; BAC 63 000f (NB: All + Esp = un correcteur) | E43: ='Suivi Dépenses'!E207 -> 144000 | F43: =SUM('Suivi Dépenses'!$G$194) -> 0 | G43: =SUM(E43:F43) -> 144000 | H43: ='Suivi Dépenses'!F207 -> 0 | I43: =IF(H43-G43>=0,"-",ABS(H43-G43)) -> 144000 | J43: =IF(H43-G43<=0,"-",H43-G43) -> - | K43: =IF(G43=0,"-",H43*100/G43) -> 0
B44: =Budget!C96 -> 601 | D44: =Budget!D96 -> Formation | E44: ='Suivi Dépenses'!E260 -> 270000 | F44: =SUM('Suivi Dépenses'!$G$149) -> 0 | G44: =SUM(E44:F44) -> 270000 | H44: ='Suivi Dépenses'!F260 -> 0 | I44: =IF(H44-G44>=0,"-",ABS(H44-G44)) -> 270000 | J44: =IF(H44-G44<=0,"-",H44-G44) -> - | K44: =IF(G44=0,"-",H44*100/G44) -> 0
C45: =Budget!D97 -> 6010 | D45: =Budget!E97 -> Formation des personnels | E45: ='Suivi Dépenses'!E259 -> 270000 | F45: ='Suivi Dépenses'!G240 -> 0 | G45: =SUM(E45:F45) -> 270000 | H45: ='Suivi Dépenses'!F259 -> 0 | I45: =IF(H45-G45>=0,"-",ABS(H45-G45)) -> 270000 | J45: =IF(H45-G45<=0,"-",H45-G45) -> - | K45: =IF(G45=0,"-",H45*100/G45) -> 0
B46: =Budget!B98 -> TOTAL CP 60 | E46: =SUM(E39,E44) -> 1260000 | F46: =SUM(F39,F44) -> 0 | G46: =SUM(G39,G44) -> 1260000 | H46: =SUM(H39,H44) -> 0 | I46: =SUM(I39,I44) -> 1260000 | J46: =SUM(J39,J44) -> 0 | K46: =IF(G46=0,"-",H46*100/G46) -> 0
A47: =Budget!B99 -> 61 | D47: =Budget!C99 -> MATIERES, MATERIELS ET FOURNITURES CONSOMMEES
B48: =Budget!C100 -> 610 | D48: =Budget!D100 -> Matières et fournitures consommées | E48: ='Suivi Dépenses'!E419 -> 1230000 | F48: =SUM('Suivi Dépenses'!$G$286,'Suivi Dépenses'!$G$332,'Suivi Dépenses'!$G$389) -> 0 | G48: =SUM(E48:F48) -> 1230000 | H48: ='Suivi Dépenses'!F419 -> 0 | I48: =IF(H48-G48>=0,"-",ABS(H48-G48)) -> 1230000 | J48: =IF(H48-G48<=0,"-",H48-G48) -> - | K48: =IF(G48=0,"-",H48*100/G48) -> 0
C49: =Budget!D101 -> 6100 | D49: =Budget!E101 -> Fournitures scolaires | E49: ='Suivi Dépenses'!E301 -> 630000 | F49: ='Suivi Dépenses'!G286 -> 0 | G49: =SUM(E49:F49) -> 630000 | H49: ='Suivi Dépenses'!F301 -> 0 | I49: =IF(H49-G49>=0,"-",ABS(H49-G49)) -> 630000 | J49: =IF(H49-G49<=0,"-",H49-G49) -> - | K49: =IF(G49=0,"-",H49*100/G49) -> 0
C50: =Budget!D102 -> 6104 | D50: =Budget!E102 -> Produits de laboratoire | E50: ='Suivi Dépenses'!E346 -> 0 | F50: ='Suivi Dépenses'!G332 -> 0 | G50: =SUM(E50:F50) -> 0 | H50: ='Suivi Dépenses'!F346 -> 0 | I50: =IF(H50-G50>=0,"-",ABS(H50-G50)) -> - | J50: =IF(H50-G50<=0,"-",H50-G50) -> - | K50: =IF(G50=0,"-",H50*100/G50) -> -
C51: =Budget!D103 -> 6109 | D51: =Budget!E103 -> Autres matières et fournitures consommées : Services informatique et de reprographie | E51: ='Suivi Dépenses'!E418 -> 600000 | F51: ='Suivi Dépenses'!G389 -> 0 | G51: =SUM(E51:F51) -> 600000 | H51: ='Suivi Dépenses'!F418 -> 0 | I51: =IF(H51-G51>=0,"-",ABS(H51-G51)) -> 600000 | J51: =IF(H51-G51<=0,"-",H51-G51) -> - | K51: =IF(G51=0,"-",H51*100/G51) -> 0
B52: =Budget!C104 -> 611 | D52: =Budget!D104 -> Matières pédagogiques non amortissables | E52: ='Suivi Dépenses'!E751 -> 395000 | F52: =SUM('Suivi Dépenses'!$G$441,'Suivi Dépenses'!$G$487,'Suivi Dépenses'!$G$533,'Suivi Dépenses'!$G$579,'Suivi Dépenses'!$G$634,'Suivi Dépenses'!$G$690,'Suivi Dépenses'!$G$736) -> 0 | G52: =SUM(E52:F52) -> 395000 | H52: ='Suivi Dépenses'!F751 -> 0 | I52: =IF(H52-G52>=0,"-",ABS(H52-G52)) -> 395000 | J52: =IF(H52-G52<=0,"-",H52-G52) -> - | K52: =IF(G52=0,"-",H52*100/G52) -> 0
C53: =Budget!D105 -> 6110 | D53: =Budget!E105 -> Manuels scolaires | E53: ='Suivi Dépenses'!E454 -> 0 | F53: ='Suivi Dépenses'!G441 -> 0 | G53: =SUM(E53:F53) -> 0 | H53: ='Suivi Dépenses'!F454 -> 0 | I53: =IF(H53-G53>=0,"-",ABS(H53-G53)) -> - | J53: =IF(H53-G53<=0,"-",H53-G53) -> - | K53: =IF(G53=0,"-",H53*100/G53) -> -
C54: =Budget!D106 -> 6112 | D54: =Budget!E106 -> Matériel de laboratoire | E54: ='Suivi Dépenses'!E503 -> 0 | F54: ='Suivi Dépenses'!G487 -> 0 | G54: =SUM(E54:F54) -> 0 | H54: ='Suivi Dépenses'!F503 -> 0 | I54: =IF(H54-G54>=0,"-",ABS(H54-G54)) -> - | J54: =IF(H54-G54<=0,"-",H54-G54) -> - | K54: =IF(G54=0,"-",H54*100/G54) -> -
C55: =Budget!D107 -> 6113 | D55: =Budget!E107 -> Matériel de sport | E55: ='Suivi Dépenses'!E547 -> 0 | F55: ='Suivi Dépenses'!G533 -> 0 | G55: =SUM(E55:F55) -> 0 | H55: ='Suivi Dépenses'!F547 -> 0 | I55: =IF(H55-G55>=0,"-",ABS(H55-G55)) -> - | J55: =IF(H55-G55<=0,"-",H55-G55) -> - | K55: =IF(G55=0,"-",H55*100/G55) -> -
C56: =Budget!D108 -> 6114 | D56: =Budget!E108 -> Outillage individuel | E56: ='Suivi Dépenses'!E597 -> 0 | F56: ='Suivi Dépenses'!G579 -> 0 | G56: =SUM(E56:F56) -> 0 | H56: ='Suivi Dépenses'!F597 -> 0
C57: =Budget!D109 -> 6115 | D57: =Budget!E109 -> Documentation pédagogique | E57: ='Suivi Dépenses'!E650 -> 0 | F57: ='Suivi Dépenses'!G634 -> 0 | G57: =SUM(E57:F57) -> 0 | H57: ='Suivi Dépenses'!F650 -> 0
C58: =Budget!D110 -> 6117 | D58: =Budget!E110 -> Frais de cartes scolaires + photo BEPC | E58: ='Suivi Dépenses'!E703 -> 395000 | F58: ='Suivi Dépenses'!G690 -> 0 | G58: =SUM(E58:F58) -> 395000 | H58: ='Suivi Dépenses'!F703 -> 0 | I58: =IF(H58-G58>=0,"-",ABS(H58-G58)) -> 395000 | J58: =IF(H58-G58<=0,"-",H58-G58) -> - | K58: =IF(G58=0,"-",H58*100/G58) -> 0
C59: =Budget!D111 -> 6118 | D59: =Budget!E111 -> Autre matériel pédagogique non amortissable : Equipement en matériel didactique | E59: ='Suivi Dépenses'!E750 -> 0 | F59: ='Suivi Dépenses'!G736 -> 0 | G59: =SUM(E59:F59) -> 0 | H59: ='Suivi Dépenses'!F750 -> 0 | I59: =IF(H59-G59>=0,"-",ABS(H59-G59)) -> - | J59: =IF(H59-G59<=0,"-",H59-G59) -> - | K59: =IF(G59=0,"-",H59*100/G59) -> -
B60: =Budget!B112 -> TOTAL CP 61 | E60: =SUM(E48,E52) -> 1625000 | F60: =SUM(F48,F52) -> 0 | G60: =SUM(G48,G52) -> 1625000 | H60: =SUM(H48,H52) -> 0 | I60: =SUM(I48,I52) -> 1625000 | J60: =SUM(J48,J52) -> 0 | K60: =IF(G60=0,"-",H60*100/G60) -> 0
A61: =Budget!B113 -> 62 | D61: =Budget!C113 -> TRANSPORTS CONSOMMES
B62: =Budget!C114 -> 621 | D62: =Budget!D114 -> Frais de mission pour sorties pédagogiques | E62: ='Suivi Dépenses'!E801 -> 0 | F62: =SUM('Suivi Dépenses'!$G$784) -> 0 | G62: =SUM(E62:F62) -> 0 | H62: ='Suivi Dépenses'!$F$801 -> 0 | I62: =IF(H62-G62>=0,"-",ABS(H62-G62)) -> - | J62: =IF(H62-G62<=0,"-",H62-G62) -> - | K62: =IF(G62=0,"-",H62*100/G62) -> -
B63: =Budget!C115 -> 622 | D63: =Budget!D115 -> Frais de déplacement des élèves | E63: ='Suivi Dépenses'!E846 -> 0 | F63: =SUM('Suivi Dépenses'!$G$832) -> 0 | G63: =SUM(E63:F63) -> 0 | H63: ='Suivi Dépenses'!$F$846 -> 0 | I63: =IF(H63-G63>=0,"-",ABS(H63-G63)) -> - | J63: =IF(H63-G63<=0,"-",H63-G63) -> - | K63: =IF(G63=0,"-",H63*100/G63) -> -
B64: =Budget!C116 -> 623 | D64: =Budget!D116 -> Frais de déplacement pour activités sportive et culturelle | E64: ='Suivi Dépenses'!E904 -> 20000 | F64: =SUM('Suivi Dépenses'!$G$889) -> 0 | G64: =SUM(E64:F64) -> 20000 | H64: ='Suivi Dépenses'!$F$904 -> 0 | I64: =IF(H64-G64>=0,"-",ABS(H64-G64)) -> 20000 | J64: =IF(H64-G64<=0,"-",H64-G64) -> - | K64: =IF(G64=0,"-",H64*100/G64) -> 0
B65: =Budget!C117 -> 629 | D65: =Budget!D117 -> Autres transports consommés | E65: ='Suivi Dépenses'!E959 -> 0 | F65: =SUM('Suivi Dépenses'!$G$945) -> 0 | G65: =SUM(E65:F65) -> 0 | H65: ='Suivi Dépenses'!$F$959 -> 0 | I65: =IF(H65-G65>=0,"-",ABS(H65-G65)) -> - | J65: =IF(H65-G65<=0,"-",H65-G65) -> - | K65: =IF(G65=0,"-",H65*100/G65) -> -
B66: SOUS-TOTAL 62 | E66: ='Suivi Dépenses'!E960 -> 20000 | F66: =SUM(F62:F65) -> 0 | G66: =SUM(G62:G65) -> 20000 | H66: =SUM(H62:H65) -> 0 | I66: =SUM(I62:I65) -> 20000 | J66: =SUM(J62:J65) -> 0 | K66: =IF(G66=0,"-",H66*100/G66) -> 0
A67: =Budget!B119 -> 63 | D67: =Budget!C119 -> AUTRES SERVICES CONSOMMES
B68: =Budget!C120 -> 631 | D68: =Budget!D120 -> Entretien et maintenance | E68: ='Suivi Dépenses'!E1123 -> 0 | F68: =SUM('Suivi Dépenses'!$G$1004,'Suivi Dépenses'!$G$1061,'Suivi Dépenses'!$G$1107) -> 0 | G68: =SUM(E68:F68) -> 0 | H68: ='Suivi Dépenses'!F1123 -> 0 | I68: =IF(H68-G68>=0,"-",ABS(H68-G68)) -> - | J68: =IF(H68-G68<=0,"-",H68-G68) -> - | K68: =IF(G68=0,"-",H68*100/G68) -> -
C69: =Budget!D121 -> 6312 | D69: =Budget!E121 -> Entretien du matériel et mobilier scolaire | E69: ='Suivi Dépenses'!E1018 -> 0 | F69: ='Suivi Dépenses'!G1004 -> 0 | G69: =SUM(E69:F69) -> 0 | H69: ='Suivi Dépenses'!F1018 -> 0 | I69: =IF(H69-G69>=0,"-",ABS(H69-G69)) -> - | J69: =IF(H69-G69<=0,"-",H69-G69) -> - | K69: =IF(G69=0,"-",H69*100/G69) -> -
C70: =Budget!D122 -> 6316 | D70: =Budget!E122 -> Entretien du matériel de laboratoire | E70: ='Suivi Dépenses'!E1076 -> 0 | F70: ='Suivi Dépenses'!G1061 -> 0 | G70: =SUM(E70:F70) -> 0 | H70: ='Suivi Dépenses'!F1076 -> 0 | I70: =IF(H70-G70>=0,"-",ABS(H70-G70)) -> - | J70: =IF(H70-G70<=0,"-",H70-G70) -> - | K70: =IF(G70=0,"-",H70*100/G70) -> -
C71: =Budget!D123 -> 6319 | D71: =Budget!E123 -> Autres entretiens | E71: ='Suivi Dépenses'!E1122 -> 0 | F71: ='Suivi Dépenses'!G1107 -> 0 | G71: =SUM(E71:F71) -> 0 | H71: ='Suivi Dépenses'!F1122 -> 0 | I71: =IF(H71-G71>=0,"-",ABS(H71-G71)) -> - | J71: =IF(H71-G71<=0,"-",H71-G71) -> - | K71: =IF(G71=0,"-",H71*100/G71) -> -
B72: SOUS-TOTAL 63 | E72: =SUM(E68) -> 0 | F72: =SUM(F68) -> 0 | G72: =SUM(G68) -> 0 | H72: =SUM(H68) -> 0 | I72: =SUM(I68) -> 0 | J72: =SUM(J68) -> 0 | K72: =IF(G72=0,"-",H72*100/G72) -> -
A73: =Budget!B125 -> 64 | D73: =Budget!C125 -> CHARGES ET PERTES DIVERSES
B74: =Budget!C126 -> 643 | D74: =Budget!D126 -> Affiliation-enseignement-licences sportives | E74: ='Suivi Dépenses'!E1179 -> 0 | F74: ='Suivi Dépenses'!G1163 -> 0 | G74: =SUM(E74:F74) -> 0 | H74: ='Suivi Dépenses'!F1179 -> 0 | I74: =IF(H74-G74>=0,"-",ABS(H74-G74)) -> - | J74: =IF(H74-G74<=0,"-",H74-G74) -> - | K74: =IF(G74=0,"-",H74*100/G74) -> -
B75: =Budget!C127 -> 644 | D75: =Budget!D127 -> Distribution de prix | E75: ='Suivi Dépenses'!E1221 -> 0 | F75: ='Suivi Dépenses'!G1209 -> 0 | G75: =SUM(E75:F75) -> 0 | H75: ='Suivi Dépenses'!F1221 -> 0 | I75: =IF(H75-G75>=0,"-",ABS(H75-G75)) -> - | J75: =IF(H75-G75<=0,"-",H75-G75) -> - | K75: =IF(G75=0,"-",H75*100/G75) -> -
B76: =Budget!B128 -> TOTAL CP 64 | E76: =SUM(E74:E75) -> 0 | F76: =SUM(F74:F75) -> 0 | G76: =SUM(G74:G75) -> 0 | H76: =SUM(H74:H75) -> 0 | I76: =SUM(I74:I75) -> 0 | J76: =SUM(J74:J75) -> 0 | K76: =IF(G76=0,"-",H76*100/G76) -> -
A77: =Budget!B129 -> 65 | D77: =Budget!C129 -> FRAIS DE PERSONNEL
B78: =Budget!C130 -> 650 | D78: =Budget!D130 -> Salaires et appointements | E78: ='Suivi Dépenses'!E1277 -> 0 | F78: =SUM('Suivi Dépenses'!$G$1261) -> 0 | G78: =SUM(E78:F78) -> 0 | H78: ='Suivi Dépenses'!F1277 -> 0 | I78: =IF(H78-G78>=0,"-",ABS(H78-G78)) -> - | J78: =IF(H78-G78<=0,"-",H78-G78) -> - | K78: =IF(G78=0,"-",H78*100/G78) -> -
C79: =Budget!D131 -> 0 | D79: =Budget!E131 -> 0 | E79: ='Suivi Dépenses'!E1276 -> 0 | F79: ='Suivi Dépenses'!G1261 -> 0 | G79: =SUM(E79:F79) -> 0 | H79: ='Suivi Dépenses'!F1276 -> 0 | I79: =IF(H79-G79>=0,"-",ABS(H79-G79)) -> - | J79: =IF(H79-G79<=0,"-",H79-G79) -> - | K79: =IF(G79=0,"-",H79*100/G79) -> -
B80: SOUS-TOTAL 65 | E80: =SUM(E78) -> 0 | F80: =SUM(F78) -> 0 | G80: =SUM(G78) -> 0 | H80: =SUM(H78) -> 0 | I80: =SUM(I78) -> 0 | J80: =SUM(J78) -> 0 | K80: =IF(G80=0,"-",H80*100/G80) -> -
A81: =Budget!B133 -> TOTAL CHAPITRE A | E81: =SUM(E46,E60,E66,E72,E76,E80) -> 2905000 | F81: =SUM(F46,F60,F66,F72,F76,F80) -> 0 | G81: =SUM(G46,G60,G66,G72,G76,G80) -> 2905000 | H81: =SUM(H46,H60,H66,H72,H76,H80) -> 0 | I81: =SUM(I46,I60,I66,I72,I76,I80) -> 2905000 | J81: =SUM(J46,J60,J66,J72,J76,J80) -> 0 | K81: =IF(G81=0,"-",H81*100/G81) -> 0
D86: TABLEAU N° 5 : CHAPITRE B : Charges générales
A88: =Budget!B142 -> CP | B88: =Budget!C142 -> CD | C88: =Budget!D142 -> SC | D88: =Budget!E142 -> INTITULÉS | E88: Crédits | G88: Total crédits | I88: Écarts | K88: %
E89: Autorisés | F89: Modif (+/-) | G89: Ouverts | H89: Conso | I89: - | J89: +
A90: =Budget!B143 -> 61 | D90: =Budget!C143 -> MATIERES, MATERIELS ET FOURNITURES CONSOMMEES
B91: =Budget!C144 -> 610 | D91: =Budget!D144 -> Matières et fournitures consommées | E91: =Budget!G144 -> 617750 | F91: =SUM('Suivi Dépenses'!$G$1373,'Suivi Dépenses'!$G$1430,'Suivi Dépenses'!$G$1487,'Suivi Dépenses'!$G$1533,'Suivi Dépenses'!$G$1590) -> 0 | G91: =SUM(E91:F91) -> 617750 | H91: ='Suivi Dépenses'!F1549 -> 39275 | I91: =IF(H91-G91>=0,"-",ABS(H91-G91)) -> 578475 | J91: =IF(H91-G91<=0,"-",H91-G91) -> - | K91: =IF(G91=0,"-",H91*100/G91) -> 6.3577499
C92: =Budget!D145 -> 6101 | D92: =Budget!E145 -> Fournitures administratives (imprimés techniques, fournitures de matériel technique) | E92: ='Suivi Dépenses'!E1332 -> 291000 | F92: ='Suivi Dépenses'!G1317 -> 0 | G92: =SUM(E92:F92) -> 291000 | H92: ='Suivi Dépenses'!F1332 -> 0 | I92: =IF(H92-G92>=0,"-",ABS(H92-G92)) -> 291000 | J92: =IF(H92-G92<=0,"-",H92-G92) -> - | K92: =IF(G92=0,"-",H92*100/G92) -> 0
C93: =Budget!D146 -> 6103 | D93: Fournitures et petits matériels d’entretien | E93: ='Suivi Dépenses'!E1386 -> 76750 | F93: ='Suivi Dépenses'!G1373 -> 0 | G93: =SUM(E93:F93) -> 76750 | H93: ='Suivi Dépenses'!F1386 -> 0 | I93: =IF(H93-G93>=0,"-",ABS(H93-G93)) -> 76750 | J93: =IF(H93-G93<=0,"-",H93-G93) -> - | K93: =IF(G93=0,"-",H93*100/G93) -> 0
C94: =Budget!D147 -> 6105 | D94: =Budget!E147 -> Infirmerie et produits pharmaceutiques ; petits matériels d’infirmerie | E94: ='Suivi Dépenses'!E1443 -> 0 | F94: ='Suivi Dépenses'!G1430 -> 0 | G94: =SUM(E94:F94) -> 0 | H94: ='Suivi Dépenses'!F1443 -> 0 | I94: =IF(H94-G94>=0,"-",ABS(H94-G94)) -> - | J94: =IF(H94-G94<=0,"-",H94-G94) -> - | K94: =IF(G94=0,"-",H94*100/G94) -> -
C95: =Budget!D148 -> 6107 | D95: =Budget!E148 -> Electricité et eau | E95: ='Suivi Dépenses'!E1511 -> 250000 | F95: ='Suivi Dépenses'!G1487 -> 0 | G95: =SUM(E95:F95) -> 250000 | H95: ='Suivi Dépenses'!F1511 -> 39275 | I95: =IF(H95-G95>=0,"-",ABS(H95-G95)) -> 210725 | J95: =IF(H95-G95<=0,"-",H95-G95) -> - | K95: =IF(G95=0,"-",H95*100/G95) -> 15.71
C96: =Budget!D149 -> 6109 | D96: =Budget!E149 -> Autre matériels et fournitures consommés | E96: ='Suivi Dépenses'!E1548 -> 0 | F96: ='Suivi Dépenses'!G1533 -> 0 | G96: =SUM(E96:F96) -> 0 | H96: ='Suivi Dépenses'!F1548 -> 0 | I96: =IF(H96-G96>=0,"-",ABS(H96-G96)) -> - | J96: =IF(H96-G96<=0,"-",H96-G96) -> - | K96: =IF(G96=0,"-",H96*100/G96) -> -
B97: =Budget!B150 -> TOTAL CP 61 | E97: =SUM(E91) -> 617750 | F97: =SUM(F91) -> 0 | G97: =SUM(G91) -> 617750 | H97: =SUM(H91) -> 39275 | I97: =SUM(I91) -> 578475 | J97: =SUM(J91) -> 0 | K97: =IF(G97=0,"-",H97*100/G97) -> 6.3577499
A98: =Budget!B151 -> 62 | D98: =Budget!C155 -> AUTRES SERVICES CONSOMMES
B99: =Budget!C152 -> 620 | D99: =Budget!D152 -> Frais de mission | E99: ='Suivi Dépenses'!E1614 -> 180000 | F99: ='Suivi Dépenses'!G1590 -> 0 | G99: =SUM(E99:F99) -> 180000 | H99: ='Suivi Dépenses'!F1614 -> 0 | I99: =IF(H99-G99>=0,"-",ABS(H99-G99)) -> 180000 | J99: =IF(H99-G99<=0,"-",H99-G99) -> - | K99: =IF(G99=0,"-",H99*100/G99) -> 0
B100: =Budget!C153 -> 629 | D100: =Budget!D153 -> Autres transports consommés | E100: ='Suivi Dépenses'!E1663 -> 0 | F100: ='Suivi Dépenses'!G1643 -> 0 | G100: =SUM(E100:F100) -> 0 | H100: ='Suivi Dépenses'!F1663 -> 0 | I100: =IF(H100-G100>=0,"-",ABS(H100-G100)) -> - | J100: =IF(H100-G100<=0,"-",H100-G100) -> - | K100: =IF(G100=0,"-",H100*100/G100) -> -
B101: =Budget!B154 -> TOTAL CP 62 | E101: =SUM(E99:E100) -> 180000 | F101: =SUM(F99:F100) -> 0 | G101: =SUM(G99:G100) -> 180000 | H101: =SUM(H99:H100) -> 0 | I101: =SUM(I99:I100) -> 180000 | J101: =SUM(J99:J100) -> 0 | K101: =IF(G101=0,"-",H101*100/G101) -> 0
A102: =Budget!B155 -> 63 | D102: =Budget!C155 -> AUTRES SERVICES CONSOMMES
B103: =Budget!C156 -> 631 | D103: =Budget!D156 -> Entretien et maintenance | E103: ='Suivi Dépenses'!E1810 -> 0 | F103: =SUM('Suivi Dépenses'!$G$1698,'Suivi Dépenses'!$G$1744,'Suivi Dépenses'!$G$1790) -> 0 | G103: =SUM(E103:F103) -> 0 | H103: ='Suivi Dépenses'!F1810 -> 0 | I103: =IF(H103-G103>=0,"-",ABS(H103-G103)) -> - | J103: =IF(H103-G103<=0,"-",H103-G103) -> - | K103: =IF(G103=0,"-",H103*100/G103) -> -
C104: =Budget!D157 -> 6311 | D104: =Budget!E157 -> Entretien et réparation des bâtiments | E104: ='Suivi Dépenses'!E1714 -> 0 | F104: ='Suivi Dépenses'!G1698 -> 0 | G104: =SUM(E104:F104) -> 0 | H104: ='Suivi Dépenses'!F1714 -> 0 | I104: =IF(H104-G104>=0,"-",ABS(H104-G104)) -> - | J104: =IF(H104-G104<=0,"-",H104-G104) -> - | K104: =IF(G104=0,"-",H104*100/G104) -> -
C105: =Budget!D158 -> 6313 | D105: =Budget!E158 -> Entretien et réparation du mobilier et matériel non pédagogique | E105: ='Suivi Dépenses'!E1759 -> 0 | F105: ='Suivi Dépenses'!G1744 -> 0 | G105: =SUM(E105:F105) -> 0 | H105: ='Suivi Dépenses'!F1759 -> 0 | I105: =IF(H105-G105>=0,"-",ABS(H105-G105)) -> - | J105: =IF(H105-G105<=0,"-",H105-G105) -> - | K105: =IF(G105=0,"-",H105*100/G105) -> -
C106: =Budget!D159 -> 6319 | D106: =Budget!E159 -> Autres entretiens (Espaces) | E106: ='Suivi Dépenses'!E1809 -> 0 | F106: ='Suivi Dépenses'!G1790 -> 0 | G106: =SUM(E106:F106) -> 0 | H106: ='Suivi Dépenses'!F1809 -> 0 | I106: =IF(H106-G106>=0,"-",ABS(H106-G106)) -> - | J106: =IF(H106-G106<=0,"-",H106-G106) -> - | K106: =IF(G106=0,"-",H106*100/G106) -> -
B107: =Budget!C160 -> 638 | D107: =Budget!D160 -> Autres services extérieurs | E107: ='Suivi Dépenses'!E2000 -> 448800 | F107: =SUM('Suivi Dépenses'!$G$1836,'Suivi Dépenses'!$G$1882,'Suivi Dépenses'!$G$1937,'Suivi Dépenses'!$G$1983) -> 0 | G107: =SUM(E107:F107) -> 448800 | H107: ='Suivi Dépenses'!F2000 -> 9900 | I107: =IF(H107-G107>=0,"-",ABS(H107-G107)) -> 438900 | J107: =IF(H107-G107<=0,"-",H107-G107) -> - | K107: =IF(G107=0,"-",H107*100/G107) -> 2.2058824
C108: =Budget!D161 -> 6380 | D108: =Budget!E161 -> Internet; Boîte postale | E108: ='Suivi Dépenses'!E1864 -> 118800 | F108: ='Suivi Dépenses'!G1836 -> 0 | G108: =SUM(E108:F108) -> 118800 | H108: ='Suivi Dépenses'!F1864 -> 9900 | I108: =IF(H108-G108>=0,"-",ABS(H108-G108)) -> 108900 | J108: =IF(H108-G108<=0,"-",H108-G108) -> - | K108: =IF(G108=0,"-",H108*100/G108) -> 8.3333333
C109: =Budget!D162 -> 6382 | D109: =Budget!E162 -> Frais locatifs | E109: ='Suivi Dépenses'!E1902 -> 0 | F109: ='Suivi Dépenses'!G1882 -> 0 | G109: =SUM(E109:F109) -> 0 | H109: ='Suivi Dépenses'!F1902 -> 0 | I109: =IF(H109-G109>=0,"-",ABS(H109-G109)) -> - | J109: =IF(H109-G109<=0,"-",H109-G109) -> - | K109: =IF(G109=0,"-",H109*100/G109) -> -
C110: =Budget!D163 -> 6383 | D110: =Budget!E163 -> Frais de réception | E110: ='Suivi Dépenses'!E1960 -> 330000 | F110: ='Suivi Dépenses'!G1937 -> 0 | G110: =SUM(E110:F110) -> 330000 | H110: ='Suivi Dépenses'!F1960 -> 0 | I110: =IF(H110-G110>=0,"-",ABS(H110-G110)) -> 330000 | J110: =IF(H110-G110<=0,"-",H110-G110) -> - | K110: =IF(G110=0,"-",H110*100/G110) -> 0
C111: =Budget!D164 -> 6384 | D111: =Budget!E164 -> Publicité - Information | E111: ='Suivi Dépenses'!E1999 -> 0 | F111: ='Suivi Dépenses'!G1983 -> 0 | G111: =SUM(E111:F111) -> 0 | H111: ='Suivi Dépenses'!F1999 -> 0 | I111: =IF(H111-G111>=0,"-",ABS(H111-G111)) -> - | J111: =IF(H111-G111<=0,"-",H111-G111) -> - | K111: =IF(G111=0,"-",H111*100/G111) -> -
...
